 Dungeon Crawl Stone Soup version 0.26-a0-264-g3a471323bd (webtiles) character file.

Game seed: 15544768789242049082

1458451 Infinimo the Conqueror (level 27, 0/271 (273) HPs)
             Began as a Centaur Gladiator on July 10, 2020.
             Was the Champion of the Shining One.
             Killed by divine providence
             ... invoked by a mummy priest
              (8 damage)
             ... on level 3 of the Tomb of the Ancients on July 11, 2020.
             The game lasted 05:22:15 (137861 turns).

Infinimo the Conqueror (Centaur Gladiator)        Turns: 137861, Time: 05:22:16

HP:   0/271 (273)   AC: 67    Str: 29    XL:     27
MP:   23/23         EV:  9    Int: 11    God:    the Shining One [******]
Gold: 8805          SH: 32    Dex: 21    Spells: 21/26 levels left

rFire    + + +     SeeInvis +   P - +9 double sword (holy)
rCold    + + +     Faith    .   F - +4 tower shield {AC+3}
rNeg     + + +     Spirit   .   U - +14 crystal plate armour
rPois    +         Reflect  .   u - -2 hat of the Alchemist {rElec rPois rF+ rC+ rN+ MR+ rMut rCorr}
rElec    +         Harm     .   h - scarf {rC+ rF+}
rCorr    +                      A - +2 pair of gloves {Str+3}
rMut     +                      Y - +4 centaur barding of Cheibriados's Whim {Regen+ Dex+4 Stlth+}
MR       +++++                  m - amulet "Wuxt" {rPois MR+++ Regen+ Int+4 Dex+2}
Stlth    ..........             B - ring "Utig" {*Corrode rPois rF+ EV+4 SInv}
HPRegen  1.35/turn              b - ring of Robustness {AC+8}
MPRegen  0.18/turn

@: mighty, lethally poisoned (0 -> -13), marked, contaminated, slowed, glowing,
studying 3 skills
A: large, hooves 3, cold resistance 1, deformed body, speed 2, mutation
resistance 1, tough skin 3
}: 14/15 runes: serpentine, barnacled, slimy, silver, iron, obsidian, icy, bone,
abyssal, demonic, glowing, magical, fiery, dark
a: Divine Shield, Cleansing Flame, Summon Divine Warrior, Renounce Religion


You were on level 3 of the Tomb of the Ancients.
You worshipped the Shining One.
The Shining One was exalted by your worship.
You were not hungry.

You visited 18 branches of the dungeon, and saw 90 of its levels.
You visited Pandemonium 3 times, and saw 20 of its levels.
You visited the Abyss 6 times.
You visited 1 bazaar.
You visited 1 ziggurat, and saw 16 of its levels.
You also visited: Gauntlet, Ice Cave and Wizlab.

You collected 43833 gold pieces.
You spent 18612 gold pieces at shops.
You paid 16416 gold pieces to Gozag.

Inventory:

Hand Weapons
 C - the +8 autumn katana {vorpal, Clar}
   (You found it on level 6 of the Dungeon)

   It inflicts extra damage upon your enemies.
   It protects you against confusion.
 P - a +9 double sword of holy wrath (weapon)
Armour
 h - a scarf of resistance (worn)
 u - the -2 hat of the Alchemist (worn) {rElec rPois rF+ rC+ rN+ MR+ rMut rCorr}
   (You bought it in a shop on level 1 of the Shoals)

   It protects you from fire.
   It protects you from cold.
   It insulates you from electricity.
   It protects you from poison.
   It protects you from negative energy.
   It affects your resistance to hostile enchantments.
   It provides partial protection from all sources of acid and corrosion.
   It protects you from mutation.
 A - a +2 pair of gloves of strength (worn)
 F - a +4 tower shield of protection (worn)
 K - a +4 tower shield of cold resistance
 M - the +1 helmet of Creativity {+Fly rC++}
   (You found it on level 14 of a ziggurat)

   It greatly protects you from cold.
   It lets you fly.
 U - a +14 crystal plate armour (worn)
 Y - the +4 centaur barding of Cheibriados's Whim (worn) {Regen+ Dex+4 Stlth+}
   (You acquired it on level 4 of the Abyss)

   It affects your dexterity (+4).
   It increases your rate of regeneration.
   It makes you more stealthy.
Jewellery
 b - the ring of Robustness (right hand) {AC+8}
   (You bought it in a shop in a bazaar)

   [ring of protection]

   It affects your AC (+8).
 l - the ring "Kyawukhle" {rElec rF+ rC- rN+ Str+3}
   (You found it in a wizard's laboratory)

   [ring of protection from fire]

   It affects your strength (+3).
   It protects you from fire.
   It makes you vulnerable to cold.
   It insulates you from electricity.
   It protects you from negative energy.
 m - the amulet "Wuxt" (around neck) {rPois MR+++ Regen+ Int+4 Dex+2}
   (You bought it in a shop on level 2 of the Orcish Mines)

   [amulet of regeneration]

   It affects your intelligence (+4).
   It affects your dexterity (+2).
   It protects you from poison.
   It affects your resistance to hostile enchantments.
   It increases your rate of regeneration.
 o - the ring "Juarcheasch" {rC+ MR+ EV+4}
   (You found it on level 14 of a ziggurat)

   [ring of evasion]

   It affects your evasion (+4).
   It protects you from cold.
   It affects your resistance to hostile enchantments.
 B - the ring "Utig" (left hand) {*Corrode rPois rF+ EV+4 SInv}
   (You found it on level 3 of the Abyss)

   [ring of evasion]

   It affects your evasion (+4).
   It protects you from fire.
   It protects you from poison.
   It lets you see invisible.
   It may corrode you when you take damage.
 R - the ring of Camoixt {rC+ rN++ rCorr Int+2 Dex-3}
   (You acquired it on level 14 of a ziggurat)

   [ring of resist corrosion]

   It affects your intelligence (+2).
   It affects your dexterity (-3).
   It protects you from cold.
   It greatly protects you from negative energy.
   It provides partial protection from all sources of acid and corrosion.
 T - the ring "Coavar" {rN++ MP+9 Int-5 Slay+4}
   (You found it on level 14 of a ziggurat)

   [ring of magical power]

   It affects your intelligence (-5).
   It affects your accuracy and damage with ranged weapons and melee attacks
   (+4).
   It greatly protects you from negative energy.
   It affects your magic capacity (+9).
 Z - the ring of a Billion Lives {+Fly rC+ Int+3 Slay+2}
   (You acquired it on level 11 of the Dungeon)

   [ring of flight]

   It affects your intelligence (+3).
   It affects your accuracy and damage with ranged weapons and melee attacks
   (+2).
   It protects you from cold.
   It lets you fly.
Wands
 p - a wand of digging (21)
 w - a wand of disintegration (44)
 y - a wand of iceblast (23)
Scrolls
 a - 14 scrolls of fog
 c - 8 scrolls of enchant weapon
 d - a scroll of brand weapon
 e - 48 scrolls of remove curse
 s - 3 scrolls of blinking
 t - 27 scrolls of teleportation
 v - 4 scrolls of holy word
 D - 18 scrolls of identify
 L - 9 scrolls of fear
 N - 3 scrolls of silence
 O - 6 scrolls of magic mapping
 V - 2 scrolls of enchant armour
Potions
 i - 7 potions of might
 j - 5 potions of resistance
 k - 4 potions of magic
 n - 18 potions of curing
 q - 5 potions of haste (quivered)
 r - 9 potions of brilliance
 x - 7 potions of mutation
 E - 8 potions of ambrosia
 H - a potion of berserk rage
 I - 11 potions of flight
Books
 g - a manual of Axes
 J - a manual of Axes
 Q - a manual of Transmutations
 W - a manual of Polearms
Miscellaneous
 G - the horn of Geryon
Comestibles
 f - 221 rations


   Skills:
 O Level 27 Fighting
 O Level 27 Long Blades
 - Level 8.4 Polearms
 - Level 2.1 Throwing
 O Level 27 Armour
 - Level 2.1 Dodging
 + Level 26.0 Shields
 * Level 25.8 Hexes
 * Level 25.9 Air Magic


You had 21 spell levels left.
You knew the following spells:

 Your Spells              Type           Power        Failure   Level
a - Silence               Hex/Air        ######....   1%          5

Your spell library contained the following spells:

 Spells                   Type           Power        Failure   Level
 Slow                     Hex            ######..     0%          2
 Confusing Touch          Hex            ######..     0%          3
 Tukima's Dance           Hex            ######..     0%          3
 Shock                    Conj/Air       ####         1%          1
 Corpse Rot               Necr/Air       N/A          1%          2
 Ensorcelled Hibernation  Hex/Ice        ####..       1%          2
 Poisonous Vapours        Pois/Air       ####..       1%          2
 Swiftness                Chrm/Air       ####....     1%          2
 Airstrike                Air            ######....   1%          4
 Cause Fear               Hex            ######....   1%          4
 Darkness                 Hex            ######....   1%          6
 Invisibility             Hex            ######..     1%          6
 Dazzling Flash           Conj/Hex       ####..       3%          3
 Inner Flame              Hex/Fire       ####....     3%          3
 Portal Projectile        Hex/Tloc       ####..       3%          3
 Spectral Weapon          Hex/Chrm       ####....     3%          3
 Static Discharge         Conj/Air       ####....     3%          3
 Summon Guardian Golem    Hex/Summ       ####....     3%          3
 Fulminant Prism          Conj/Hex       ####......   10%         4
 Leda's Liquefaction      Hex/Erth       ####......   10%         4
 Summon Lightning Spire   Summ/Air       ####....     10%         4
 Mephitic Cloud           Conj/Pois/Air  ###.....     17%         3
 Lightning Bolt           Conj/Air       ####......   26%         5
 Metabolic Englaciation   Hex/Ice        ####......   26%         5
 Summon Mana Viper        Hex/Summ       ####....     26%         5
 Yara's Violent Unravell  Hex/Tmut       ####......   26%         5
 Discord                  Hex            ######....   32%         8
 Conjure Ball Lightning   Conj/Air       ####......   83%         6
 Animate Skeleton         Necr           #.....       89%         1
 Apportation              Tloc           #.....       89%         1
 Beastly Appendage        Tmut           #.....       89%         1
 Foxfire                  Conj/Fire      #...         89%         1
 Freeze                   Ice            #...         89%         1
 Infusion                 Chrm           #...         89%         1
 Magic Dart               Conj           #...         89%         1
 Pain                     Necr           #...         89%         1
 Sandblast                Erth           #.....       89%         1
 Sting                    Tmut/Pois      #...         89%         1
 Summon Butterflies       Summ           #.......     89%         1
 Summon Small Mammal      Summ           #...         89%         1
 Blink                    Tloc           N/A          96%         2
 Call Imp                 Summ           #.......     96%         2
 Passwall                 Tmut/Erth      #.......     96%         2
 Searing Ray              Conj           #.....       96%         2
 Shroud of Golubria       Chrm/Tloc      #.....       96%         2
 Song of Slaying          Chrm           #.......     96%         2
 Sticks to Snakes         Tmut           #.......     96%         2
 Sublimation of Blood     Necr           #.........   96%         2
 Call Canine Familiar     Summ           #.......     99%         3
 Conjure Flame            Conj/Fire      #.......     99%         3
 Frozen Ramparts          Ice            #.....       99%         3
 Gell's Gravitas          Tloc           #.........   99%         3
 Ignite Poison            Fire/Tmut/Pois #.......     99%         3
 Lesser Beckoning         Tloc           #.........   99%         3
 Ozocubu's Armour         Chrm/Ice       #.......     99%         3
 Recall                   Summ/Tloc      N/A          99%         3
 Spider Form              Tmut/Pois      #.........   99%         3
 Stone Arrow              Conj/Erth      #.....       99%         3
 Teleport Other           Tloc           #.......     99%         3
 Vampiric Draining        Necr           #.........   99%         3
 Tornado                  Air            ######....   99%         9
 Animate Dead             Necr           #.........   100%        4
 Dispel Undead            Necr           #.......     100%        4
 Hailstorm                Conj/Ice       #.......     100%        4
 Ice Form                 Ice/Tmut       #.......     100%        4
 Iskenderun's Mystic Bla  Conj/Tloc      #.......     100%        4
 Olgreb's Toxic Radiance  Pois           #.......     100%        4
 Passage of Golubria      Tloc           N/A          100%        4
 Petrify                  Tmut/Erth      #.......     100%        4
 Sticky Flame             Conj/Fire      #.......     100%        4
 Summon Ice Beast         Ice/Summ       #.......     100%        4
 Agony                    Necr           #.......     100%        5
 Alistair's Intoxication  Tmut/Pois      #.......     100%        5
 Aura of Abjuration       Summ           #.........   100%        5
 Blade Hands              Tmut           #.........   100%        5
 Bolt of Magma            Conj/Fire/Erth #.........   100%        5
 Borgnjor's Vile Clutch   Necr/Erth      #.........   100%        5
 Excruciating Wounds      Chrm/Necr      #.........   100%        5
 Fireball                 Conj/Fire      #.........   100%        5
 Irradiate                Conj/Tmut      #.........   100%        5
 Iskenderun's Battlesphe  Conj/Chrm      #.......     100%        5
 Lee's Rapid Deconstruct  Erth           #.........   100%        5
 Summon Demon             Summ           #.........   100%        5
 Summon Forest            Summ/Tloc      #.........   100%        5
 Death Channel            Necr           #.........   100%        6
 Dispersal                Tloc           #.........   100%        6
 Eringya's Noxious Bog    Tmut/Pois      #.........   100%        6
 Freezing Cloud           Conj/Ice/Air   ###.......   100%        6
 Hydra Form               Tmut           #.........   100%        6
 Iron Shot                Conj/Erth      #.........   100%        6
 Ozocubu's Refrigeration  Ice            #.........   100%        6
 Shadow Creatures         Summ           N/A          100%        6
 Simulacrum               Ice/Necr       #.........   100%        6
 Starburst                Conj/Fire      #.........   100%        6
 Statue Form              Tmut/Erth      #........    100%        6
 Dragon Form              Tmut           #.........   100%        7
 Haunt                    Necr/Summ      #.........   100%        7
 Malign Gateway           Summ/Tloc      #.........   100%        7
 Monstrous Menagerie      Summ           #.........   100%        7
 Orb of Destruction       Conj           #.........   100%        7
 Ring of Flames           Chrm/Fire      #.........   100%        7
 Spellforged Servitor     Conj/Summ      #.........   100%        7
 Summon Greater Demon     Summ           #.........   100%        7
 Summon Hydra             Summ           #.........   100%        7
 Borgnjor's Revivificati  Necr           #.........   100%        8
 Chain Lightning          Conj/Air       ####......   100%        8
 Controlled Blink         Tloc           N/A          100%        8
 Death's Door             Chrm/Necr      #.........   100%        8
 Disjunction              Tloc           #.........   100%        8
 Ignition                 Fire           #.........   100%        8
 Infestation              Necr           #.........   100%        8
 Lehudib's Crystal Spear  Conj/Erth      #.........   100%        8
 Necromutation            Tmut/Necr      #.........   100%        8
 Summon Horrible Things   Summ           #.........   100%        8
 Absolute Zero            Ice            #.........   100%        9
 Fire Storm               Conj/Fire      #.........   100%        9
 Shatter                  Erth           #.........   100%        9


Dungeon Overview and Level Annotations

Branches:
Dungeon (15/15)            Temple (1/1) D:7            Lair (6/6) D:9
 Shoals (4/4) Lair:4        Snake (4/4) Lair:3        Slime (5/5) Lair:5
    Orc (2/2) D:10            Elf (3/3) Orc:2        Vaults (5/5) D:13
  Crypt (3/3) Vaults:2       Tomb (3/3) Crypt:3      Depths (5/5) D:15
   Hell (visited)             Dis (7/7) Hell            Geh (7/7) Hell
    Coc (7/7) Hell            Tar (7/7) Hell            Zot (5/5) Depths:5
  IceCv (visited)          WizLab (visited)         Gauntlet (visited)

Altars:
Dithmenos
Elyvilon
Fedhas
Gozag
Hepliaklqana
Kikubaaqudgha
Nemelex Xobeh
Qazlal
Ru
Sif Muna
Uskayaw
Vehumet
Wu Jian
Xom
Yredelemnul
Zin
The Shining One
Beogh
Jiyva

Shops:
D:10 *?   D:11 :*(?   D:14 %   Orc:2 =[(*   Elf:3 [   Lair:3 *   Lair:6 =
Shoals:1 [   Shoals:2 *   Shoals:4 ?   Snake:1 %}:**   Snake:2 [   Snake:3 *
Snake:4 [**   Vaults:1 ?   Vaults:2 (   Vaults:5 [=

Portals:
Hell: Depths:1 Depths:2 Depths:3 Depths:4 Depths:5
Abyss: Depths:1 Depths:4 Depths:5
Pandemonium: Depths:3

Annotations:
Lair:5 exclusion: 4 oklob plants
Coc:7 exclusion: 3 ice statues


Innate Abilities, Weirdness & Mutations

You have hooves in place of feet.
Armour fits poorly on your strangely shaped body.
You cover ground very quickly.
You have extremely tough skin. (AC +3)
Your flesh is cold resistant. (rC+)
You are somewhat resistant to further mutation.


Message History

You destroy the guardian mummy!
The Shining One accepts your kill.
You feel better.
You feel extremely nervous for a moment...
Pain shoots through your body!
* * * LOW HITPOINT WARNING * * *
You are engulfed in dark miasma.
You feel your flesh rotting away!
You feel as though you will be slow longer.
* * * LOW HITPOINT WARNING * * *
x2 You feel very sick.
The cacodemon gestures at you.
Strange energies course through your body.
You feel odd for a moment.
The mummy priest prays to its god.
You block the skeletal warrior's attack.
You block the ushabti's attack.
The mummy priest calls down the wrath of its god upon you.
Something smites you!
You die...

,,,,,*,,,,,,,**,,,,,,*
,,,,,*,,,,,,**,,,,,..#
,,,,,,,,,,,**^,,,,,..#
,,,,,,,,,,**,,,,,*.s.#
,,,,,******,,,,,**4M.#
******,,,,,,,,,**#4[^#
,,,,,,,,,,,,,,*##8sMs#
,,,,,,,,,,,,,###†8M8#*
ss.ss....sz,,#.z@2M#*
ssssss....####z#####
MssssMM.M.##8s§.###
s.M...Ms.##Ms§s..^###
.Msss.M8##VM§§§.^...#
.M.s8..##4M§§§§....$#*
§s..sM##§M§§§§§...$.(#
§.M.z##§§§§§s§§...$$$#
§z..○##§§§§§§§§.$$$$)#


You could see 2 greater mummies, 3 emperor scorpions, a cacodemon, 2 mummy
priests, 2 skeletal warriors, an orange demon (summoned), 3 guardian mummies, 4
ushabtiu, a chaos spawn (summoned), a vampire (summoned, invisible), 2 death
scarabs, a red devil (summoned) and a mummy.

Vanquished Creatures
  Cerebov (Pan)
  Antaeus (Coc:7)
  Asmodeus (Geh:7)
  Ignacio (Pan)
  the Royal Jelly (Slime:5)
  Gloorx Vloq (Pan)
  Ereshkigal (Tar:7)
  the Serpent of Hell (Geh:7)
  Lom Lobon (Pan)
  Mnoleg (Pan)
  9 ancient liches
  Khufu (Crypt:3)
  Dispater (Dis:7)
  14 pandemonium lords (Pan)
  4 orbs of fire (Zot:5)
  Mennas (Crypt:3)
  A juggernaut (Abyss:5)
  32 greater mummies
  Sojobo (Depths:4)
  A Killer Klown (Zot:2)
  5 shard shrikes
  Saint Roka (Elf:2)
  A curse toe (Zot:1)
  8 caustic shrikes
  Xtahua (Crypt:3)
  Geryon (Hell)
  5 golden dragons
  A mutant beast (WizLab)
  27 bone dragons
  5 profane servitors
  Jory (Crypt:3)
  3 pearl dragons (Zig:13)
  14 doom hounds
  29 Brimstone Fiends
  35 Tzitzimimeh
  A hellephant (Hell)
  2 electric golems (Zot:5)
  4 iron giants (Dis:7)
  12 Hell Sentinels
  8 tentacled monstrosities
  26 Ice Fiends
  The ghost of Pyinoph the Spawn of Chaos, an adept DDFi of Makhleb (Vaults:4)
  8 Orb Guardians (Zot:5)
  17 liches
  12 quicksilver dragons
  49 tentacled starspawn
  A quicksilver dragon (shapeshifter) (Vaults:5)
  2 deep elf master archers
  11 titans
  4 deep elf blademasters
  38 Executioners
  25 acid blobs
  3 death cobs
  Polyphemus (Shoals:2)
  Asterion (Depths:3)
  An eldritch tentacle (Pan)
  Frances (Shoals:1)
  23 shadow dragons
  9 sphinxes
  6 storm dragons
  13 ancient champions
  Agnes (Snake:4)
  2 thorn hunters (Abyss:4)
  5 draconian monks
  Ilsuiw (Shoals:2)
  7 revenants
  8 nagarajas
  Donald (Shoals:4)
  Roxanne (Snake:3)
  Kirke (Shoals:1)
  8 azure jellies
  2 daevas
  10 tengu reavers
  17 vault wardens
  18 fire giants
  3 orc warlords
  5 ghost moths
  18 frost giants
  8 deep elf sorcerers
  Aizul (Snake:2)
  7 curse skulls
  7 draconian knights
  15 black suns (Pan)
  14 corrupters (Pan)
  14 warmongers (Pan)
  Louise (Depths:5)
  65 balrugs
  3 juggernaut zombies
  26 cacodemons
  8 iron dragons
  7 draconian shifters
  10 draconian annihilators
  83 reapers
  6 angels
  2 draconian stormcallers
  2 spriggan defenders
  13 ironheart preservers
  18 stone giants
  5 ghouls
  6 deep elf elementalists
  30 war gargoyles
  12 blood saints (Pan)
  3 ophanim
  4 apis (Zig:13)
  45 very ugly things
  2 elemental wellsprings (Coc:7)
  115 starcursed masses
  6 bennus
  20 vampire knights
  6 entropy weavers
  5 green draconians
  4 purple draconians
  3 black draconians
  22 lorocyprocas
  20 deep elf annihilators
  4 white draconians
  8 yellow draconians
  2 minotaurs
  A dire elephant (Abyss:4)
  7 red draconians
  10 deep elf demonologists
  A spark wasp (Depths:4)
  Snorg (Lair:5)
  A crystal guardian (Abyss:1)
  8 deep elf death magi
  42 blizzard demons
  9 eidola
  12 death oozes
  22 mummy priests
  12 fire dragons
  7 quicksilver dragon zombies
  9 merfolk impalers
  A spectral kraken (Tar:7)
  33 jiangshi
  25 green deaths
  The ghost of Zaennulo the Destroyer, a journeyman DsWz of Vehumet (Lair:1)
  14 ettins
  5 merfolk javelineers
  10 deep elf high priests
  26 yaktaur captains
  A kraken zombie (Hell)
  17 great orbs of eyes
  17 naga warriors
  17 rakshasas
  32 vault guards
  Harold (D:7)
  7 centaur warriors
  2 shambling mangroves
  12 spriggan air magi
  8 quicksilver dragon skeletons
  A ghost crab (Tar:7)
  A merfolk avatar (Shoals:4)
  34 ice dragons
  11 anacondas
  2 catoblepae (shapeshifter)
  2 catoblepae
  5 death knights
  3 hell beasts (Pan)
  11 hydras
  13 monstrous demonspawn (Pan)
  Erica (D:8)
  An anaconda (shapeshifter) (WizLab)
  A two-headed ogre (shapeshifter) (WizLab)
  3 dancing weapons (Abyss:5)
  A satyr (shapeshifter) (WizLab)
  2 satyrs
  86 death scarabs
  A queen ant (shapeshifter) (Vaults:5)
  22 two-headed ogres
  12 death yaks
  5 merfolk aquamancers
  10 deep troll shamans
  A queen ant (Lair:3)
  22 naga sharpshooters
  10 deep troll earth magi
  11 spriggan berserkers
  A death yak (shapeshifter) (Vaults:4)
  22 ogre magi
  121 thrashing horrors
  4 tengu warriors (Depths:2)
  6 holy swine (Pan)
  6 titan zombies
  20 vampire magi
  6 shock serpents
  2 orc high priests (Orc:2)
  19 deep elf knights
  21 hell knights
  21 hell hogs
  6 storm dragon zombies
  Sonja (Lair:2)
  103 sun demons
  5 salamander mystics
  32 wretched stars
  6 titan skeletons
  19 iron golems
  A fire crab (shapeshifter) (WizLab)
  6 spriggans
  155 skeletal warriors
  33 deep trolls
  59 soul eaters
  2 spark wasp zombies
  18 shadow wraiths
  2 ghost moth zombies
  4 cherubim
  2 death drakes
  A fire crab (Lair:5)
  7 anaconda zombies
  2 unseen horrors (shapeshifter) (WizLab)
  17 infernal demonspawn (Pan)
  5 golden dragon zombies
  32 sixfirhies
  17 spatial maelstroms
  7 unseen horrors
  4 storm dragon skeletons
  17 iron trolls
  7 sea snakes
  15 glowing orange brains
  An orange crystal statue (Zot:5)
  18 torturous demonspawn (Pan)
  5 kraken simulacra
  22 deep elf archers
  48 shadow demons
  10 gelid demonspawn (Pan)
  23 ironbrand convokers
  10 naga ritualists
  15 wizards
  20 flayed ghosts
  3 swamp dragons
  19 harpies
  2 harpies (shapeshifter)
  9 anaconda skeletons
  2 swamp dragons (shapeshifter)
  3 wolf spider zombies
  21 phantasmal warriors
  3 mana vipers (shapeshifter)
  Pikel (D:4)
  10 necromancers
  9 golden dragon skeletons
  5 shadow dragon zombies
  18 orc knights
  3 orb spiders
  3 wolf spiders
  21 mana vipers
  A shining eye (shapeshifter) (Zig:2)
  11 shining eyes
  15 manticores
  3 frost giant zombies
  4 shadow dragon skeletons
  A wolf spider (shapeshifter) (Vaults:5)
  83 ugly things
  6 fire giant zombies
  7 iron dragon zombies
  A sphinx skeleton (Crypt:2)
  16 moths of wrath
  An oklob plant (Lair:6)
  2 orc sorcerers
  7 salamanders
  59 deep elf magi
  A manticore (shapeshifter) (Vaults:5)
  12 fauns
  An elephant (shapeshifter) (Vaults:5)
  7 stone giant zombies
  14 cyclopes
  5 fire giant skeletons
  2 guardian serpents (shapeshifter)
  7 merfolk sirens
  2 human zombies
  11 iron dragon skeletons
  19 worldbinders
  7 frost giant skeletons
  5 ice statues
  6 apocalypse crabs
  3 eyes of devastation
  15 guardian serpents
  30 rust devils
  2 centaur zombies (D:14)
  2 black mambas (shapeshifter) (WizLab)
  9 titan simulacra
  2 shock serpent skeletons
  26 naga magi
  2 molten gargoyles
  3 shock serpent zombies
  33 cane toads
  A cane toad (shapeshifter) (WizLab)
  13 vault sentinels
  42 black mambas
  Maggie (Lair:2)
  3 dire elephant zombies
  5 water nymphs
  5 storm dragon simulacra
  4 gargoyles
  A torpor snail (Lair:4)
  An eye of devastation (shapeshifter) (WizLab)
  121 smoke demons
  A torpor snail (shapeshifter) (Vaults:5)
  3 stone giant skeletons
  45 orange demons
  52 hellions
  6 rime drakes
  12 spectral swamp worms (Tar:7)
  9 dire elephant skeletons
  22 efreet
  2 rime drakes (shapeshifter)
  5 komodo dragons
  A catoblepas zombie (Tar:4)
  5 anaconda simulacra (Coc:7)
  2 elves (WizLab)
  5 kobold demonologists (D:13)
  42 freezing wraiths
  30 demonic crawlers
  47 yaktaurs
  36 ice devils
  3 silent spectres
  43 hellwings
  62 tormentors
  47 red devils
  5 harpy zombies
  51 guardian mummies
  A jumping spider (shapeshifter) (WizLab)
  3 tengu conjurers (Depths:2)
  36 ancient zymes
  A troll (shapeshifter) (WizLab)
  37 merfolk
  14 hydra zombies
  A queen bee (shapeshifter) (Depths:4)
  9 trolls
  A raiju (shapeshifter) (WizLab)
  A shadow dragon simulacrum (Coc:3)
  2 wind drakes (shapeshifter)
  9 hornets
  A polar bear (shapeshifter) (Abyss:4)
  5 wind drakes
  159 slime creatures
  A meliai (shapeshifter) (WizLab)
  A tengu simulacrum (Depths:2)
  2 hornets (shapeshifter)
  14 polar bears
  72 raiju
  172 large abominations
  9 bog bodies
  3 harpy skeletons
  11 hydra skeletons
  A frost giant simulacrum (Crypt:2)
  34 blink frogs
  4 alligator zombies
  7 tyrant leeches
  7 dream sheep
  An elf zombie (Depths:2)
  16 hippogriffs
  6 ice dragon skeletons
  7 fire dragon zombies
  A hippogriff (shapeshifter) (WizLab)
  42 shadows
  7 ice dragon zombies
  7 ettin zombies
  6 fire dragon skeletons
  2 air elementals (Elf:1)
  A centaur simulacrum (D:15)
  3 redbacks (Vaults:4)
  3 snapping turtles
  A shock serpent simulacrum (Crypt:2)
  5 vampires
  A dire elephant simulacrum (Abyss:3)
  9 ettin skeletons
  A black mamba zombie (Tar:7)
  199 flying skulls
  38 wraiths
  7 ushabtiu
  6 alligator skeletons
  A wyvern (shapeshifter) (Vaults:4)
  21 water elementals
  A yak (shapeshifter) (WizLab)
  A black mamba skeleton (Pan)
  2 hogs (shapeshifter)
  2 tarantellas (shapeshifter) (WizLab)
  46 yaks
  9 wyverns
  87 ynoxinuls
  5 hogs (Shoals:1)
  4 humans (WizLab)
  Eustachio (D:6)
  76 small abominations
  A steam dragon (shapeshifter) (Vaults:4)
  3 humans (shapeshifter)
  55 chaos spawn
  26 fire elementals
  A merfolk zombie (Tar:2)
  2 basilisks
  4 basilisks (shapeshifter)
  67 neqoxecs
  12 golden eyes
  7 vampire mosquitoes
  6 wargs
  11 insubstantial wisps
  76 nagas
  2 harpy simulacra
  Edmund (D:3)
  A spectral snapping turtle (Crypt:3)
  2 acid dragons (shapeshifter)
  A gelid demonspawn zombie (Crypt:2)
  9 soldier ants
  35 spatial vortices
  An acid dragon (Vaults:1)
  83 hell hounds
  2 floating eyes (shapeshifter)
  8 hydra simulacra
  7 porcupines
  4 sky beasts
  4 floating eyes (WizLab)
  A black bear (shapeshifter) (Vaults:5)
  8 cane toad zombies
  3 snapping turtle zombies
  6 ice beasts
  2 merfolk skeletons
  55 orc warriors
  5 water moccasins
  A swamp drake (Zig:11)
  A swamp drake (shapeshifter) (Abyss:5)
  An alligator simulacrum (Coc:3)
  5 cane toad skeletons
  An elephant zombie (Crypt:1)
  A swamp dragon zombie (Tar:4)
  A fire dragon simulacrum (Crypt:3)
  2 black mamba simulacra
  13 eyes of draining
  33 necrophages
  12 phantoms
  An ettin simulacrum (Hell)
  5 snapping turtle skeletons
  4 swamp dragon skeletons
  13 boggarts
  15 centaurs
  2 elf skeletons
  3 eyes of draining (shapeshifter)
  15 wolves
  A wolf (shapeshifter) (WizLab)
  25 ogres
  2 manticore skeletons (Tar:2)
  10 crocodiles
  32 bullfrogs
  8 big kobolds
  12 earth elementals
  A human simulacrum (Vaults:1)
  A cane toad simulacrum (Hell)
  A komodo dragon skeleton (Crypt:2)
  2 human skeletons
  6 scorpions
  A spriggan zombie (Tar:7)
  3 troll zombies
  2 troll skeletons
  18 killer bees
  A raiju skeleton (Crypt:1)
  3 spriggan skeletons
  99 wights
  4 howler monkeys
  A howler monkey (shapeshifter) (Vaults:5)
  3 electric eels (Lair:6)
  3 jellies
  4 crimson imps
  6 centaur skeletons
  2 hounds
  34 orc wizards
  31 orc priests
  13 quasits
  Crazy Yiuf (D:4)
  A bullfrog skeleton (D:5)
  14 iron imps
  3 iguanas
  An iguana (shapeshifter) (Vaults:5)
  A porcupine zombie (Crypt:2)
  5 hell rats (Lair:3)
  27 worker ants
  A killer bee zombie (D:5)
  5 ogre zombies (D:10)
  A tengu zombie (Geh:6)
  A demigod skeleton (Crypt:2)
  A naga skeleton (Crypt:2)
  4 tengu skeletons
  2 hound skeletons (D:6)
  48 mummies
  3 howler monkey zombies
  2 worker ant zombies
  7 gnolls
  8 adders
  18 shadow imps
  16 white imps
  7 ufetubi
  2 adder skeletons
  A dart slug (D:1)
  4 leopard geckos
  137 orcs
  4 giant cockroaches
  5 hobgoblins
  8 jackals
  19 kobolds
  8 quokkas
  3 ball pythons
  8 bats
  A frilled lizard (D:3)
  11 goblins
  2 goblin skeletons (D:10)
  2 goblin zombies (D:10)
  2 hobgoblin skeletons (D:10)
  A hobgoblin zombie (D:10)
  A leopard gecko skeleton (Crypt:1)
  6 orc skeletons
  8 orc zombies (D:10)
  A quokka zombie (Crypt:1)
  2 rats
  A rat (shapeshifter) (Vaults:5)
  5 fire vortices (Pan)
  A fungus (Lair:5)
  3 lurking horrors
  3 plants (Lair:5)
  48 starspawn tentacles
  7 tentacles
6881 creatures vanquished.

Vanquished Creatures (collateral kills)
  2 orbs of fire (Zot:5)
  2 golden dragons
  A tentacled monstrosity (Zot:3)
  3 Orb Guardians (Zot:5)
  A quicksilver dragon (Zot:4)
  8 storm dragons
  3 shadow dragons
  A ghost moth (Zot:2)
  A draconian scorcher (Zot:2)
  A draconian stormcaller (Zot:5)
  A draconian annihilator (Zot:2)
  A green draconian (Zot:3)
  A black draconian (Zot:5)
  2 yellow draconians
  A purple draconian (Zot:5)
  2 red draconians (Zot:5)
  5 white draconians
  8 moths of wrath
44 creatures vanquished.

Vanquished Creatures (others)
  6 orbs of fire (Zot:5)
  3 ancient liches (Zot:5)
  4 Killer Klowns (Zot:5)
  A curse toe (Zot:5)
  A golden dragon (Zot:5)
  7 tentacled monstrosities
  2 liches
  14 Orb Guardians (Zot:5)
  6 death cobs
  An eldritch tentacle (Pan)
  A storm dragon (Zot:5)
  A fire giant (Geh:7)
  2 draconian monks (Zot:5)
  A ghost moth (Zot:2)
  2 draconian shifters
  2 draconian knights
  A draconian scorcher (Zot:3)
  A deep elf elementalist (Elf:1)
  3 draconian stormcallers
  A blood saint (Pan)
  A draconian annihilator (Zot:5)
  4 green draconians
  A black draconian (Zot:5)
  A deep elf annihilator (Pan)
  A white draconian (Zot:5)
  3 purple draconians (Zot:5)
  3 yellow draconians (Zot:5)
  5 red draconians
  A green death (Pan)
  2 blizzard demons
  26 dancing weapons
  A hell hog (Pan)
  5 death scarabs (Tomb:3)
  A deep elf knight (Elf:1)
  A sun demon (Pan)
  A skeletal warrior (Coc:6)
  A wizard (Pan)
  A gelid demonspawn (Pan)
  3 moths of wrath (Zot:5)
  A hellion (Pan)
  A tormentor (Geh:4)
  An ancient zyme (Abyss:5)
  2 guardian mummies (Tomb:3)
  A polar bear (IceCv)
  A tyrant leech (Zig:11)
  A raiju (Abyss:5)
  3 flying skulls
  A ynoxinul (Pan)
  A water elemental (Coc:7)
  A neqoxec (Pan)
  A hell hound (Geh:6)
  An ice beast (Coc:6)
  A necrophage (Crypt:3)
  A boggart (Vaults:2)
  3 wolves (IceCv)
  2 mummies (Tomb:3)
  A shadow imp (Tar:6)
  An orc (Vaults:5)
  2 blocks of ice (Pan)
  5 briar patches (Abyss:4)
  A fire vortex (Pan)
  8 fungi
  5 lurking horrors
  55 plants
  105 starspawn tentacles
  17 tentacles
345 creatures vanquished.

Grand Total: 7270 creatures vanquished

Notes
Turn   | Place    | Note
-------+----------+-------------------------------------------
     0 | D:1      | Infinimo the Centaur Gladiator began the quest for the Orb.
     0 | D:1      | Reached XP level 1. HP: 17/17 MP: 1/1
   186 | D:1      | Reached XP level 2. HP: 18/24 MP: 2/2
   435 | D:1      | You fall into a shaft and drop 1 floor!
   491 | D:2      | Reached XP level 3. HP: 16/30 MP: 3/3
  1109 | D:2      | You fall into a shaft and drop 1 floor!
  1691 | D:3      | Reached XP level 4. HP: 16/37 MP: 4/4
  2232 | D:4      | Noticed Edmund
  2597 | D:3      | Killed Edmund
  2597 | D:3      | Reached skill level 1 in Armour
  2597 | D:3      | Reached XP level 5. HP: 16/45 MP: 5/5
  2969 | D:4      | Noticed Pikel
  2969 | D:4      | Noticed a lemure
  2971 | D:4      | Noticed a lemure
  2971 | D:4      | Noticed a lemure
  2978 | D:4      | Noticed a lemure
  3052 | D:4      | Found a hazy altar of Hepliaklqana.
  3053 | D:4      | Found a shadowy altar of Dithmenos.
  3054 | D:4      | Noticed a shadow
  3123 | D:4      | Killed Pikel
  3123 | D:4      | Reached XP level 6. HP: 44/53 MP: 6/6
  3123 | D:4      | Reached XP level 7. HP: 50/60 MP: 7/7
  3571 | D:4      | Found a runed translucent door.
  3572 | D:4      | Noticed Crazy Yiuf
  3589 | D:4      | Killed Crazy Yiuf
  3639 | D:5      | Entered Level 5 of the Dungeon
  3853 | D:5      | Reached skill level 5 in Fighting
  4188 | D:5      | Reached XP level 8. HP: 59/68 MP: 8/8
  5257 | D:6      | Found the +8 autumn katana {vorpal, Clar}
  5735 | D:6      | Noticed Eustachio
  5744 | D:6      | Killed Eustachio
  5749 | D:6      | Reached XP level 9. HP: 60/75 MP: 9/9
  6526 | D:7      | Reached skill level 1 in Long Blades
  6902 | D:7      | Noticed Harold
  6932 | D:7      | Killed Harold
  7100 | D:7      | Found a staircase to the Ecumenical Temple.
  7109 | Temple   | Entered the Ecumenical Temple
  7358 | Temple   | Became a worshipper of Gozag Ym Sagoz the Greedy
  7437 | D:8      | Reached skill level 5 in Armour
  7821 | D:8      | Noticed Erica
  7832 | D:8      | Killed Erica
  7832 | D:8      | Reached skill level 5 in Long Blades
  7832 | D:8      | Reached XP level 10. HP: 48/88 MP: 10/10
  8464 | D:9      | Found a staircase to the Lair.
  9159 | D:9      | Noticed a two-headed ogre
  9178 | D:9      | Killed a two-headed ogre
  9626 | D:10     | Entered Level 10 of the Dungeon
  9861 | D:10     | Found a staircase to the Orcish Mines.
  9882 | D:10     | Reached XP level 11. HP: 93/95 MP: 11/11
 10155 | D:10     | Noticed a two-headed ogre
 10160 | D:10     | Killed a two-headed ogre
 10323 | D:10     | Found a blossoming altar of Fedhas.
 10329 | D:10     | Found Itam's Magic Scroll Shop.
 10360 | D:10     | Bought a scroll of teleportation for 36 gold pieces
 10360 | D:10     | Bought a scroll of identify for 24 gold pieces
 10360 | D:10     | Bought a scroll of identify for 24 gold pieces
 10360 | D:10     | Bought a scroll of teleportation for 36 gold pieces
 10559 | D:10     | Bought a scroll of enchant armour for 120 gold pieces
 10559 | D:10     | Bought a +1 pair of gloves of strength for 264 gold pieces
 10797 | Lair:1   | Entered Level 1 of the Lair of Beasts
 11307 | Lair:1   | Found a runed translucent gate.
 11307 | Lair:1   | Found a runed translucent gate.
 11307 | Lair:1   | Found a runed translucent gate.
 11307 | Lair:1   | Noticed a minotaur
 11308 | Lair:1   | Noticed Zaennulo's ghost (journeyman DsWz)
 11776 | Lair:1   | Killed a minotaur
 11787 | Lair:1   | Killed Zaennulo's ghost
 12064 | Lair:2   | Noticed a five-headed hydra
 12066 | Lair:2   | Noticed Sonja
 12069 | Lair:2   | Killed a nine-headed hydra
 12076 | Lair:2   | Killed Sonja
 12076 | Lair:2   | Reached skill level 10 in Fighting
 12313 | Lair:2   | Noticed a death yak
 12314 | Lair:2   | Noticed a death yak
 12314 | Lair:2   | Noticed a death yak
 12315 | Lair:2   | Noticed a death yak
 12317 | Lair:2   | Reached skill level 10 in Long Blades
 12318 | Lair:2   | Noticed a death yak
 12339 | Lair:2   | Killed a death yak
 12341 | Lair:2   | Killed a death yak
 12341 | Lair:2   | Reached XP level 12. HP: 82/106 MP: 12/12
 12346 | Lair:2   | Killed a death yak
 12354 | Lair:2   | Killed a death yak
 12359 | Lair:2   | Killed a death yak
 12710 | Lair:2   | Found a frozen archway.
 12793 | IceCv    | Entered an ice cave
 13151 | IceCv    | Got a jewelled glaive
 13153 | IceCv    | Identified the cursed +2 glaive of Ravage {antimagic,
                  | Dex+2} (You found it in an ice cave)
 13595 | IceCv    | Noticed a death yak
 13617 | IceCv    | Killed a death yak
 14252 | IceCv    | Noticed a death yak
 14252 | IceCv    | Noticed a frost giant
 14274 | IceCv    | Killed a frost giant
 14283 | IceCv    | Killed a death yak
 14283 | IceCv    | Reached XP level 13. HP: 50/116 MP: 13/13
 14649 | Lair:2   | Noticed Maggie
 14659 | Lair:2   | Killed Maggie
 15365 | Lair:3   | Bought a runed hat for 294 gold pieces
 15365 | Lair:3   | Bought a scroll of teleportation for 126 gold pieces
 15365 | Lair:3   | Bought a potion of heal wounds for 210 gold pieces
 16345 | Lair:3   | Found a staircase to the Snake Pit.
 17680 | Lair:4   | Found a staircase to the Shoals.
 18613 | Lair:5   | Found a viscous altar of Jiyva.
 18613 | Lair:5   | Found a staircase to the Slime Pits.
 18855 | Lair:5   | Noticed Snorg
 18868 | Lair:5   | Killed Snorg
 18941 | Lair:5   | Reached XP level 14. HP: 106/127 MP: 14/14
 20506 | Lair:6   | Entered Level 6 of the Lair of Beasts
 21126 | Lair:6   | Bought the amulet of the Everdark {Acrobat rC+ MR+ MP+9}
                  | for 1027 gold pieces
 21447 | Lair:6   | Found a stormy altar of Qazlal.
 21618 | Lair:6   | Reached skill level 10 in Armour
 22428 | Lair:6   | Got a masterwork leather armour
 22439 | Lair:6   | Identified the cursed +1 leather armour of Misanthropy
                  | {rPois} (You found it on level 6 of the Lair of Beasts)
 22657 | Orc:1    | Entered Level 1 of the Orcish Mines
 23161 | Orc:2    | Entered Level 2 of the Orcish Mines
 24259 | Orc:2    | Found a roughly hewn altar of Beogh.
 24366 | Orc:2    | Found a roughly hewn altar of Beogh.
 24472 | Orc:2    | Noticed an orc warlord
 24495 | Orc:2    | Killed an orc warlord
 24659 | Orc:2    | Found Fiogaal's Antique Armour Emporium.
 24660 | Orc:2    | Found a roughly hewn altar of Beogh.
 24661 | Orc:2    | Found Galugixo's Antique Weapon Shoppe.
 24674 | Orc:2    | Bought a pair of twisted gloves for 218 gold pieces
 24765 | Orc:2    | Found a staircase to the Elven Halls.
 24889 | Orc:2    | Found a roughly hewn altar of Beogh.
 25123 | Orc:2    | Found Neho's Jewellery Shop.
 25128 | Orc:2    | Bought the ring of Yluutuf {Ice rElec MR- Str+3 Slay+3} for
                  | 644 gold pieces
 25140 | Orc:2    | Identified the +1 pair of gloves of Migovvof {*Corrode
                  | rElec Stlth+} (You bought it in a shop on level 2 of the
                  | Orcish Mines)
 25356 | Orc:2    | Bought the amulet "Wuxt" {rPois MR+++ Regen+ Int+4 Dex+2}
                  | for 780 gold pieces
 25376 | Orc:2    | Bought a +4 ring of slaying for 936 gold pieces
 25443 | Orc:2    | Reached skill level 15 in Long Blades
 25474 | Orc:2    | Found a roughly hewn altar of Beogh.
 25494 | Orc:2    | Found Geoces's Assorted Antiques.
 25525 | Orc:2    | Bought a clouded amber ring for 155 gold pieces
 25526 | Orc:2    | Identified the ring of the Prince {rElec rC+ AC+4 Str+3}
                  | (You bought it in a shop on level 2 of the Orcish Mines)
 25794 | D:11     | Found Kaamodug's General Store.
 25856 | D:11     | Bought a scroll of teleportation for 36 gold pieces
 26067 | D:11     | Found Ygrerr's Magic Scroll Emporium.
 26069 | D:11     | Found Wiyhub's Weapon Boutique.
 26326 | D:11     | Found Mierphadgh's Book Emporium.
 26787 | D:12     | Reached XP level 15. HP: 100/136 MP: 15/15
 27241 | D:13     | Found a gate to the Vaults.
 27591 | D:13     | Gained mutation: You are resistant to electric shocks.
                  | (rElec) [potion of mutation]
 27591 | D:13     | Gained mutation: You are partially covered in thin metallic
                  | scales. (AC +2) [potion of mutation]
 27725 | D:13     | Found the +12 glaive of Prune {vorpal}
 28759 | D:14     | Found Iziosih's Food Shop.
 29175 | D:15     | Entered Level 15 of the Dungeon
 29175 | D:15     | Found a gate leading to a gauntlet.
 29178 | Gauntlet | Entered a Gauntlet
 29178 | Gauntlet | Found a transporter.
 29178 | Gauntlet | Found a transporter.
 29178 | Gauntlet | Found a runed translucent gate.
 29180 | Gauntlet | Found a transporter.
 29181 | Gauntlet | Found a runed translucent gate.
 29181 | Gauntlet | Found a transporter.
 29182 | Gauntlet | Found a runed translucent gate.
 29183 | Gauntlet | Found a transporter.
 29184 | Gauntlet | Found a transporter.
 29190 | Gauntlet | Found a transporter.
 29192 | Gauntlet | Found a transporter.
 29193 | Gauntlet | Found a transporter.
 29195 | Gauntlet | Found a transporter.
 29203 | Gauntlet | Found a transporter.
 29211 | Gauntlet | Found a transporter.
 29457 | Gauntlet | Got a shimmering tin ring
 29459 | Gauntlet | Identified the ring "Mowk" {*Tele MR+ Str+8 Int-4 Slay+3}
                  | (You found it in a Gauntlet)
 29542 | Gauntlet | Got a faintly glowing pewter amulet
 29573 | Gauntlet | Identified the Catalogue of the Warped Glacier
 29596 | D:14     | Identified the amulet of Xasofopt {Reflect *Drain rElec rC+
                  | rN+ SH+5} (You found it in a Gauntlet)
 30177 | D:15     | Reached XP level 16. HP: 147/147 MP: 16/16
 31093 | D:15     | Found a staircase to the Depths.
 31272 | Orc:2    | Bought a crystal plate armour for 1840 gold pieces
 31433 | D:11     | Bought a scroll of acquirement for 884 gold pieces
 31434 | D:11     | Acquired 770 gold pieces
 31615 | Shoals:1 | Entered Level 1 of the Shoals
 31837 | Shoals:1 | You fall into a shaft and drop 1 floor!
 31837 | Shoals:2 | Found Mxapsigua's Merry Market.
 32037 | Shoals:2 | Noticed Polyphemus
 32062 | Shoals:2 | Killed Polyphemus
 32273 | Shoals:1 | Noticed Frances
 32281 | Shoals:1 | Killed Frances
 32391 | Shoals:1 | Found Gosyphomes's Armour Shoppe.
 32411 | Shoals:1 | Reached skill level 15 in Fighting
 32415 | Shoals:1 | Bought the -2 hat of the Alchemist {rElec rPois rF+ rC+ rN+
                  | MR+ rMut rCorr} for 944 gold pieces
 32415 | Shoals:1 | Found the -2 hat of the Alchemist {rElec rPois rF+ rC+ rN+
                  | MR+ rMut rCorr}
 32545 | Shoals:1 | Bought a +0 buckler for 90 gold pieces
 32603 | Shoals:1 | Noticed Kirke
 32604 | Shoals:1 | Noticed a sphinx
 32615 | Shoals:1 | Killed Kirke
 33002 | Shoals:2 | Noticed Ilsuiw
 33056 | Shoals:2 | Killed Ilsuiw
 33056 | Shoals:2 | Reached skill level 1 in Shields
 34179 | Shoals:4 | Entered Level 4 of the Shoals
 34179 | Shoals:4 | Found Elariy's Magic Scroll Emporium.
 34301 | Shoals:4 | Bought a scroll of enchant armour for 112 gold pieces
 34380 | Shoals:4 | Reached XP level 17. HP: 140/156 MP: 17/17
 34652 | Shoals:4 | Noticed Donald
 34663 | Shoals:4 | Killed Donald
 35384 | Shoals:4 | Got a barnacled rune of Zot
 35733 | D:11     | Bought a scroll of acquirement for 884 gold pieces
 35734 | D:11     | Acquired the ring of a Billion Lives {+Fly rC+ Int+3
                  | Slay+2}
 35887 | Snake:1  | Entered Level 1 of the Snake Pit
 35964 | Snake:1  | Found Xuwnapin's Book Shoppe.
 35971 | Snake:1  | Found Guriunka's Gadget Shop.
 36181 | Snake:1  | Found Omoegopp's Food Boutique.
 36751 | Snake:1  | Found Otsaw's Assorted Antiques.
 36777 | Snake:1  | Found Xuodghaq's Assorted Antiques.
 36938 | Snake:1  | Acquired a +6 demon blade of electrocution
 37286 | Snake:2  | Lost mutation: You are partially covered in thin metallic
                  | scales. (AC +2) [potion of mutation]
 37286 | Snake:2  | Gained mutation: Scrolls take you a little longer to read.
                  | [potion of mutation]
 37286 | Snake:2  | Gained mutation: You are somewhat resistant to further
                  | mutation. [potion of mutation]
 37287 | Snake:2  | Lost mutation: Scrolls take you a little longer to read.
                  | [potion of mutation]
 37287 | Snake:2  | Lost mutation: You are somewhat resistant to further
                  | mutation. [potion of mutation]
 37287 | Snake:2  | Gained mutation: You are resistant to hostile enchantments.
                  | (MR+) [potion of mutation]
 37287 | Snake:2  | Gained mutation: You are agile. (Dex +2) [potion of
                  | mutation]
 37288 | Snake:2  | Lost mutation: You are agile. (Dex +2) [potion of mutation]
 37288 | Snake:2  | Lost mutation: You are resistant to hostile enchantments.
                  | (MR+) [potion of mutation]
 37288 | Snake:2  | Lost mutation: You are resistant to electric shocks.
                  | (rElec) [potion of mutation]
 37288 | Snake:2  | Gained mutation: You tend to lose your temper in combat.
                  | [potion of mutation]
 37288 | Snake:2  | Gained mutation: You are somewhat resistant to further
                  | mutation. [potion of mutation]
 37289 | Snake:2  | Lost mutation: You tend to lose your temper in combat.
                  | [potion of mutation]
 37289 | Snake:2  | Lost mutation: You are somewhat resistant to further
                  | mutation. [potion of mutation]
 37289 | Snake:2  | Gained mutation: You are agile. (Dex +2) [potion of
                  | mutation]
 37289 | Snake:2  | Gained mutation: Your magical capacity is low. (-10% MP)
                  | [potion of mutation]
 37289 | Snake:2  | Gained mutation: You evolve. [potion of mutation]
 37290 | Snake:2  | Lost mutation: You evolve. [potion of mutation]
 37290 | Snake:2  | Lost mutation: Your magical capacity is low. (-10% MP)
                  | [potion of mutation]
 37290 | Snake:2  | Lost mutation: You are agile. (Dex +2) [potion of mutation]
 37290 | Snake:2  | Gained mutation: You are partially covered in yellow
                  | scales. (AC +2) [potion of mutation]
 37290 | Snake:2  | Gained mutation: You expend magic power (3 MP) to
                  | strengthen your wands. [potion of mutation]
 37350 | Snake:2  | Found Qezoleqo's Antique Armour Boutique.
 37381 | Snake:2  | Noticed Aizul
 37437 | Snake:2  | Killed Aizul
 37618 | Snake:2  | Bought an embroidered cloak for 337 gold pieces
 37618 | Snake:2  | Bought a glowing hat for 315 gold pieces
 37776 | Snake:2  | Reached XP level 18. HP: 77/166 MP: 14/18
 38600 | Snake:3  | Reached skill level 5 in Shields
 38612 | Snake:3  | Found Qoydwex's General Store.
 38685 | Snake:3  | Bought a potion of might for 80 gold pieces
 38720 | Snake:3  | Identified Roxanne's Volume of Stones
 38720 | Snake:3  | Noticed Roxanne
 38744 | Snake:3  | Killed Roxanne
 39356 | Snake:4  | Entered Level 4 of the Snake Pit
 39529 | Snake:4  | Noticed Agnes
 39545 | Snake:4  | Killed Agnes
 39669 | Snake:4  | Found Opsi's Antique Armour Boutique.
 41210 | Snake:4  | Got a serpentine rune of Zot
 41662 | D:11     | Bought a scroll of enchant armour for 127 gold pieces
 41734 | Vaults:1 | Entered Level 1 of the Vaults
 41980 | Vaults:1 | Found Vusk's Magic Scroll Boutique.
 42005 | Vaults:1 | Reached XP level 19. HP: 174/174 MP: 19/19
 42098 | Vaults:1 | Bought a scroll of blinking for 135 gold pieces
 43539 | Snake:2  | Bought an embroidered scarf for 360 gold pieces
 43818 | Vaults:1 | Upgraded the game from 0.26-a0-257-g47e9e61525 to
                  | 0.26-a0-264-g3a471323bd
 44168 | Vaults:2 | Found Waecw's Antique Weapon Boutique.
 45040 | Vaults:2 | Found a staircase to the Crypt.
 45040 | Vaults:2 | Found an ancient bone altar of Kikubaaqudgha.
 45041 | Vaults:2 | Found a basalt altar of Yredelemnul.
 45367 | Vaults:3 | Reached XP level 20. HP: 146/187 MP: 20/20
 46019 | Vaults:3 | Found a flickering gateway to a bazaar.
 46029 | Bazaar   | Entered a bazaar
 46033 | Bazaar   | Found Funuf's Jewellery Boutique.
 46051 | Bazaar   | Found Doigyat's Gadget Emporium.
 46068 | Bazaar   | Found Plog's Book Boutique.
 46085 | Bazaar   | Found Koebysm's Antique Armour Shoppe.
 46090 | Bazaar   | Bought a pair of spiked gloves for 294 gold pieces
 46100 | Bazaar   | Identified the cursed -5 pair of gloves of the Unseen Realm
                  | {Str+3} (You bought it in a shop in a bazaar)
 46129 | Bazaar   | Bought the ring of Robustness {AC+8} for 1664 gold pieces
 46129 | Bazaar   | Found the ring of Robustness {AC+8}
 46724 | Vaults:4 | Found a magical portal.
 46747 | WizLab   | Entered Cigotuvi's Fleshworks
 47062 | WizLab   | Identified Cigotuvi's Tome of Ghastly Transmutation
 47334 | WizLab   | Gained mutation: You have a pair of small horns on your
                  | head. [mutagenic glow]
 47481 | WizLab   | Paralysed by a floating eye for 2 turns
 47493 | WizLab   | Paralysed by a floating eye for 3 turns
 47499 | WizLab   | Paralysed by a floating eye for 2 turns
 47517 | WizLab   | Paralysed by a floating eye for 4 turns
 47529 | WizLab   | Paralysed by a floating eye for 3 turns
 47595 | WizLab   | Got a brightly glowing granite ring
 47971 | WizLab   | Gained mutation: You tend to lose your temper in combat.
                  | [mutagenic glow]
 48008 | WizLab   | Gained mutation: You often lose your temper in combat.
                  | [mutagenic glow]
 48075 | Vaults:4 | Gained mutation: Your magical capacity is low. (-10% MP)
                  | [mutagenic glow]
 49059 | Vaults:4 | Found a runed translucent door.
 49063 | Vaults:4 | Noticed Pyinoph's ghost (adept DDFi)
 49343 | Vaults:4 | Reached XP level 21. HP: 198/198 MP: 18/18
 49531 | Vaults:4 | Killed Pyinoph's ghost
 49625 | Vaults:5 | Entered Level 5 of the Vaults
 50042 | Vaults:5 | Noticed an ancient lich
 50102 | Vaults:5 | Killed an ancient lich
 50303 | Vaults:5 | Noticed an ancient lich
 50317 | Vaults:5 | Killed an ancient lich
 50377 | Vaults:5 | Identified the ring of Ecloh {rCorr Dex+5}
 50395 | Vaults:5 | Reached skill level 10 in Shields
 50420 | Vaults:5 | Identified the ring of the Burgomaster {rC- rN+ MR++ Int+4}
 50549 | Vaults:5 | Reached XP level 22. HP: 111/211 MP: 19/19
 50982 | Vaults:5 | Reached skill level 15 in Armour
 51272 | Vaults:5 | Noticed a golden dragon
 51272 | Vaults:5 | an iron giant changed into a golden dragon
 51277 | Vaults:5 | Noticed a caustic shrike
 51277 | Vaults:5 | a golden dragon changed into a caustic shrike
 51279 | Vaults:5 | a caustic shrike changed into an iron giant
 51282 | Vaults:5 | Noticed a caustic shrike
 51282 | Vaults:5 | an iron giant changed into a caustic shrike
 51287 | Vaults:5 | Noticed a golden dragon
 51287 | Vaults:5 | a caustic shrike changed into a golden dragon
 51289 | Vaults:5 | a golden dragon changed into an acid blob
 51568 | Vaults:5 | Noticed a juggernaut
 51568 | Vaults:5 | an acid blob changed into a juggernaut
 51569 | Vaults:5 | a juggernaut changed into a shadow dragon
 51572 | Vaults:5 | Noticed a caustic shrike
 51572 | Vaults:5 | a shadow dragon changed into a caustic shrike
 51576 | Vaults:5 | a caustic shrike changed into a quicksilver dragon
 51866 | Vaults:5 | Identified the Catalogue of Flames and Poison
 51869 | Vaults:5 | Got a silver rune of Zot
 52169 | Vaults:5 | Identified the ring "Kyawukhle" {rElec rF+ rC- rN+ Str+3}
                  | (You found it in a wizard's laboratory)
 52175 | Vaults:5 | Got a slimy ruby amulet
 52560 | Vaults:5 | Identified the amulet "Voepet" {Faith Str+6} (You found it
                  | on level 5 of the Vaults)
 52885 | Elf:1    | Entered Level 1 of the Elven Halls
 54334 | Elf:2    | Found a runed translucent gate.
 54334 | Elf:2    | Found a runed translucent gate.
 54335 | Elf:2    | Found a runed translucent gate.
 54665 | Elf:2    | Noticed Saint Roka
 54761 | Elf:2    | Killed Saint Roka
 55149 | Elf:3    | Entered Level 3 of the Elven Halls
 55219 | Elf:3    | Reached XP level 23. HP: 221/221 MP: 20/20
 56166 | Elf:3    | Got a brightly glowing turquoise ring
 56171 | Elf:3    | Got a fine pewter ring
 56184 | Elf:3    | Identified the ring "Foxor" {rElec rPois rF+ Slay-4 Stlth-}
                  | (You found it on level 3 of the Elven Halls)
 56186 | Elf:3    | Identified the ring "Rotudiz" {rF+ MR+ Int+2} (You found it
                  | on level 3 of the Elven Halls)
 56385 | Elf:3    | Found Qaiw's Antique Armour Shoppe.
 56755 | Elf:3    | Identified the cursed +0 plate armour of the Desolation of
                  | Salt {*Corrode +Fly MP+9 Slay+2} (You found it on level 3
                  | of the Elven Halls)
 57090 | Slime:1  | Entered Level 1 of the Pits of Slime
 57597 | Slime:2  | Gained mutation: Scrolls take you a little longer to read.
                  | [a shining eye]
 60760 | Slime:5  | Entered Level 5 of the Pits of Slime
 61086 | Slime:5  | Gained mutation: You are weak. (Str -2) [a shining eye]
 61145 | Slime:5  | Noticed the Royal Jelly
 61162 | Slime:5  | Killed the Royal Jelly
 61162 | Slime:5  | Reached XP level 24. HP: 73/233 MP: 20/20
 61560 | Slime:5  | Gained mutation: You are dopey. (Int -2) [a shining eye]
 61581 | Slime:5  | Gained mutation: You are clumsy. (Dex -2) [a shining eye]
 61583 | Slime:5  | Gained mutation: You have an uncontrollable temper. [a
                  | shining eye]
 61913 | Slime:4  | Lost mutation: You have an uncontrollable temper. [potion
                  | of mutation]
 61913 | Slime:4  | Lost mutation: You have a pair of small horns on your head.
                  | [potion of mutation]
 61913 | Slime:4  | Lost mutation: Scrolls take you a little longer to read.
                  | [potion of mutation]
 61913 | Slime:4  | Gained mutation: You are partially covered in slimy green
                  | scales. (AC +2) [potion of mutation]
 61914 | Slime:4  | Lost mutation: You are weak. (Str -2) [potion of mutation]
 61914 | Slime:4  | Lost mutation: You are clumsy. (Dex -2) [potion of
                  | mutation]
 61914 | Slime:4  | Gained mutation: You are very dopey. (Int -4) [potion of
                  | mutation]
 61914 | Slime:4  | Gained mutation: You are mostly covered in yellow scales.
                  | (AC +3) [potion of mutation]
 61914 | Slime:4  | Gained mutation: You have a pair of small horns on your
                  | head. [potion of mutation]
 61914 | Slime:4  | Gained mutation: You are somewhat resistant to further
                  | mutation. [potion of mutation]
 61915 | Slime:4  | Lost mutation: Your magical capacity is low. (-10% MP)
                  | [potion of mutation]
 61915 | Slime:4  | Lost mutation: You expend magic power (3 MP) to strengthen
                  | your wands. [potion of mutation]
 61915 | Slime:4  | Lost mutation: You are somewhat resistant to further
                  | mutation. [potion of mutation]
 61915 | Slime:4  | Lost mutation: You often lose your temper in combat.
                  | [potion of mutation]
 61915 | Slime:4  | Gained mutation: Your muscles are strong. (Str +2) [potion
                  | of mutation]
 61915 | Slime:4  | Gained mutation: Your skin changes colour to match your
                  | surroundings (Stealth+). [potion of mutation]
 61915 | Slime:4  | Gained mutation: You are resistant to hostile enchantments.
                  | (MR+) [potion of mutation]
 61916 | Slime:4  | Lost mutation: You have a pair of small horns on your head.
                  | [potion of mutation]
 61916 | Slime:4  | Lost mutation: You are resistant to hostile enchantments.
                  | (MR+) [potion of mutation]
 61916 | Slime:4  | Lost mutation: You tend to lose your temper in combat.
                  | [potion of mutation]
 61916 | Slime:4  | Lost mutation: You are very dopey. (Int -4) [potion of
                  | mutation]
 61916 | Slime:4  | Lost mutation: You are dopey. (Int -2) [potion of mutation]
 61916 | Slime:4  | Gained mutation: You can translocate small distances at
                  | will. [potion of mutation]
 61916 | Slime:4  | Gained mutation: Your flesh is cold resistant. (rC+)
                  | [potion of mutation]
 62030 | Slime:4  | Gained mutation: Your spells are a little easier to cast,
                  | but a little less powerful. [a shining eye]
 62466 | Slime:5  | Identified the Collected Works on Creative Battle Magic
 62512 | Slime:5  | Got a slimy rune of Zot
 63035 | Slime:5  | Got a fine plate armour
 63046 | Slime:5  | Identified the +3 plate armour of the Shore {rN+} (You
                  | found it on level 5 of the Pits of Slime)
 63195 | Slime:1  | Gained mutation: You are robust. (+10% HP) [a shining eye]
 64075 | Crypt:1  | Entered Level 1 of the Crypt
 65877 | Crypt:3  | Entered Level 3 of the Crypt
 66109 | Crypt:3  | Found an ancient bone altar of Kikubaaqudgha.
 66109 | Crypt:3  | Noticed Mennas
 66173 | Crypt:3  | Killed Mennas
 66180 | Crypt:3  | Noticed Xtahua
 66214 | Crypt:3  | Killed Xtahua
 66486 | Crypt:3  | Noticed Jory
 66510 | Crypt:3  | Killed Jory
 66857 | Crypt:3  | Identified the Disquisition on the Lucky Entourage
 66893 | Crypt:3  | Noticed Khufu
 66900 | Crypt:3  | Found a staircase to the Tomb.
 66909 | Crypt:3  | Killed Khufu
 66909 | Crypt:3  | Reached XP level 25. HP: 143/266 MP: 23/23
 67732 | Crypt:3  | Identified the +5 plate armour of Majestic the Leaf {+Fly
                  | rN+ rCorr Int-5} (You found it on level 3 of the Crypt)
 68115 | Snake:1  | Bought 3 scrolls of acquirement for 5616 gold pieces
 68117 | Snake:1  | Acquired the +0 centaur barding "Gunocofe" {rN+ Int+3}
 68130 | Snake:1  | Acquired the +4 centaur barding of the Evening Star {rC+}
 68143 | Snake:1  | Acquired a manual of Shields
 68347 | Depths:1 | Entered Level 1 of the Depths
 68348 | Depths:1 | Found a one-way gate to the infinite horrors of the Abyss.
 68624 | Depths:1 | Found a gateway to Hell.
 69649 | Depths:2 | Gained mutation: You are clumsy. (Dex -2) [a shining eye]
 69651 | Depths:2 | Identified the ring "Sarafar" {Wiz *Drain MP+9 Int+2 SInv}
 70676 | Depths:2 | Identified the ring of Aplus {+Fly rElec Dex+7}
 70726 | Depths:2 | Got a serpentine lapis lazuli ring
 70729 | Depths:2 | Got a vibrating garnet amulet
 70866 | Depths:3 | Noticed Asterion
 70876 | Depths:3 | Killed Asterion
 70970 | Depths:3 | Found a one-way gate leading to the halls of Pandemonium.
 71295 | Depths:3 | Found a runed translucent door.
 71368 | Depths:3 | Found a radiant altar of Vehumet.
 71368 | Depths:3 | Noticed an ancient lich
 71502 | Depths:3 | Reached XP level 26. HP: 248/279 MP: 19/23
 71721 | Depths:3 | Found a runed translucent door.
 71829 | Depths:3 | Got a translucent iron amulet
 71873 | Depths:3 | Found a runed translucent door.
 72190 | Depths:3 | Found a gateway to a ziggurat.
 72537 | Depths:3 | Killed an ancient lich
 72679 | Depths:3 | Identified the Volume of Conjuration
 73092 | Depths:4 | Noticed Sojobo
 73109 | Depths:4 | Killed Sojobo
 73166 | Depths:4 | Reached skill level 15 in Shields
 73984 | Depths:4 | Identified the ring "Moffanta" {rElec rPois Dex+10 Slay-5
                  | SInv} (You found it on level 2 of the Depths)
 73986 | Depths:4 | Identified the amulet of Rapuonku {Regen+ MP+9 Dex+2} (You
                  | found it on level 2 of the Depths)
 73988 | Depths:4 | Identified the amulet "Bagopn" {Inacc Int+3} (You found it
                  | on level 3 of the Depths)
 74685 | Depths:5 | Entered Level 5 of the Depths
 75169 | Depths:4 | Reached XP level 27. HP: 251/292 MP: 23/23
 75615 | Depths:5 | Identified Bedam's Catalogue of Flight and the Escort
 75675 | Depths:5 | Found a gate to the Realm of Zot.
 75887 | Depths:5 | Found a basalt altar of Yredelemnul.
 76228 | Depths:5 | Noticed Louise
 76251 | Depths:5 | Killed Louise
 76568 | Zot:1    | Entered Level 1 of the Realm of Zot
 77567 | Zot:2    | Found a transporter.
 77671 | Zot:2    | Found a transporter.
 77979 | Zot:2    | Found the +0 mask of the Dragon {MR+ Slay+3 SInv}
 78077 | Zot:2    | You fall into a shaft and drop 1 floor!
 78477 | Zot:3    | Reached skill level 27 in Fighting
 78863 | Zot:2    | Noticed an orb of fire
 80675 | Tomb:1   | Entered Level 1 of the Tomb of the Ancients
 81337 | Tomb:1   | Noticed a greater mummy
 81437 | Tomb:1   | Killed a greater mummy
 82591 | Zot:5    | Entered Level 5 of the Realm of Zot
 82638 | Zot:5    | Noticed an ancient lich
 82649 | Zot:5    | Noticed an orb of fire
 82650 | Zot:5    | Noticed an orb of fire
 82651 | Zot:5    | Noticed an orb of fire
 82651 | Zot:5    | Noticed an orb of fire
 82674 | Zot:5    | Killed an ancient lich
 82686 | Zot:5    | Killed an orb of fire
 82693 | Zot:5    | Killed an ancient lich
 82706 | Zot:5    | Noticed an orb of fire
 82715 | Zot:5    | Killed an orb of fire
 82728 | Zot:5    | Noticed an ancient lich
 82740 | Zot:5    | Noticed an orb of fire
 82745 | Zot:5    | Noticed an orb of fire
 82745 | Zot:5    | Noticed an orb of fire
 82746 | Zot:5    | Killed an orb of fire
 82750 | Zot:5    | Killed an orb of fire
 82949 | Zot:5    | Killed an orb of fire
 82957 | Zot:5    | Killed an ancient lich
 82978 | Zot:5    | Noticed an orb of fire
 82982 | Zot:5    | Killed an orb of fire
 83012 | Zot:5    | Killed an orb of fire
 83023 | Zot:5    | Killed an orb of fire
 83441 | Zot:5    | Noticed an orb of fire
 83451 | Zot:5    | Killed an orb of fire
 83453 | Zot:5    | Noticed an orb of fire
 83453 | Zot:5    | Noticed an orb of fire
 83463 | Zot:5    | Gained mutation: Your spells are easier to cast, but less
                  | powerful. [an orb of fire]
 83472 | Zot:5    | Killed an orb of fire
 83484 | Zot:5    | Killed an orb of fire
 84148 | Zot:5    | Gained mutation: You occasionally shout uncontrollably at
                  | your foes. [mutagenic glow]
 84189 | Zot:3    | Gained mutation: You sometimes yell uncontrollably at your
                  | foes. [mutagenic glow]
 84253 | Depths:3 | Gained mutation: You are very clumsy. (Dex -4) [mutagenic
                  | glow]
 84494 | Temple   | Fell from the grace of Gozag
 84494 | Temple   | Became a worshipper of the Shining One
 84685 | Depths:1 | Voluntarily entered the Abyss.
 85010 | Abyss:1  | Reached * piety under the Shining One
 85141 | Abyss:1  | Reached ** piety under the Shining One
 85415 | Abyss:3  | Found a corrupted altar of Lugonu.
 85506 | Abyss:3  | Reached *** piety under the Shining One
 85649 | Abyss:3  | Reached **** piety under the Shining One
 86083 | Abyss:4  | Reached ***** piety under the Shining One
 86314 | Abyss:4  | Reached ****** piety under the Shining One
 86374 | Abyss:5  | Entered Level 5 of the Abyss
 86374 | Abyss:5  | Found a corrupted altar of Lugonu.
 86520 | Abyss:5  | Paralysed by accursed screaming for 2 turns
 86524 | Depths:1 | Escaped the Abyss
 86735 | Depths:1 | Voluntarily entered the Abyss.
 86735 | Abyss:1  | Found a corrupted altar of Lugonu.
 86755 | Abyss:1  | Paralysed by accursed screaming for 1 turns
 87257 | Abyss:4  | Paralysed by accursed screaming for 1 turns
 87407 | Abyss:4  | Found a corrupted altar of Lugonu.
 87583 | Abyss:5  | Entered Level 5 of the Abyss
 88161 | Abyss:5  | Found a glowing golden altar of the Shining One.
 88167 | Abyss:5  | Noticed a juggernaut
 88181 | Abyss:5  | Killed a juggernaut
 88361 | Abyss:5  | Paralysed by accursed screaming for 1 turns
 88367 | Abyss:5  | Paralysed by accursed screaming for 1 turns
 88373 | Abyss:5  | Paralysed by accursed screaming for 1 turns
 88379 | Depths:1 | Escaped the Abyss
 88717 | Depths:1 | Voluntarily entered the Abyss.
 88779 | Abyss:3  | Found a hide-covered altar of Uskayaw.
 89145 | Abyss:3  | Found a corrupted altar of Lugonu.
 89424 | Abyss:4  | Found a corrupted altar of Lugonu.
 89425 | Abyss:4  | Acquired the +4 centaur barding of Cheibriados's Whim
                  | {Regen+ Dex+4 Stlth+}
 89942 | Abyss:4  | Found a shattered altar of Ashenzari.
 90004 | Abyss:4  | Found a shattered altar of Ashenzari.
 90049 | Abyss:4  | Lost mutation: You are robust. (+10% HP) [a neqoxec]
 90050 | Abyss:4  | Gained mutation: Your magical capacity is low. (-10% MP) [a
                  | neqoxec]
 90095 | Abyss:4  | Found a shattered altar of Ashenzari.
 90158 | Abyss:4  | Paralysed by accursed screaming for 1 turns
 90179 | Abyss:4  | Paralysed by accursed screaming for 1 turns
 90182 | Abyss:4  | Got an abyssal rune of Zot
 90195 | Abyss:4  | Paralysed by accursed screaming for 1 turns
 90295 | Abyss:4  | Was forgiven by Gozag
 90753 | Depths:1 | Escaped the Abyss
 90827 | Hell     | Entered the Vestibule of Hell
 90861 | Hell     | Noticed Geryon
 91035 | Hell     | Killed Geryon
 91124 | Hell     | Found a gateway to the decaying netherworld of Tartarus.
 91275 | Hell     | Found a gateway to the ashen valley of Gehenna.
 91401 | Hell     | Found a gateway to the Iron City of Dis.
 91496 | Hell     | Found a gateway to the freezing wastes of Cocytus.
 91673 | Geh:1    | Entered Level 1 of Gehenna
 92630 | Geh:6    | Reached skill level 27 in Long Blades
 92994 | Geh:7    | Entered Level 7 of Gehenna
 93287 | Geh:7    | Noticed the Serpent of Hell
 93304 | Geh:7    | Killed the Serpent of Hell
 93512 | Geh:7    | Identified the +7 sceptre of Asmodeus
 93512 | Geh:7    | Noticed Asmodeus
 93535 | Geh:7    | Killed Asmodeus
 93574 | Geh:7    | Got an obsidian rune of Zot
 94003 | Geh:7    | Found the +9 heavy crossbow "Sniper" {vorpal, Acc+∞ SInv}
 94037 | Geh:7    | Identified the Compendium of Transformation and Protection
 94394 | Coc:1    | Entered Level 1 of Cocytus
 95232 | Coc:7    | Entered Level 7 of Cocytus
 96024 | Coc:7    | Noticed Antaeus
 96253 | Coc:7    | Killed Antaeus
 96383 | Coc:7    | Got an icy rune of Zot
 96390 | Coc:7    | Identified the Papyrus of Dislocated Dark Secrets
 96632 | Hell     | Learned a level 5 spell: Silence
 96669 | Tar:1    | Entered Level 1 of Tartarus
 96741 | Tar:1    | Reached skill level 1 in Air Magic
 96767 | Tar:1    | Reached skill level 1 in Hexes
 97283 | Tar:2    | Reached skill level 5 in Hexes
 97286 | Tar:2    | Reached skill level 5 in Air Magic
 99075 | Tar:3    | You fall into a shaft and drop 2 floors!
 99504 | Tar:7    | Entered Level 7 of Tartarus
 99959 | Tar:7    | Reached skill level 10 in Air Magic
 99979 | Tar:7    | Reached skill level 10 in Hexes
100314 | Tar:7    | Found the +11 plutonium sword {*Contam Stlth-}
100330 | Tar:7    | Identified Rilaciuc's Grimoire of Enthralling Summoning
100389 | Tar:7    | Noticed Ereshkigal
100427 | Tar:7    | Killed Ereshkigal
100919 | Tar:7    | Got a slimy platinum ring
101360 | Dis:1    | Entered Level 1 of the Iron City of Dis
101992 | Dis:7    | Entered Level 7 of the Iron City of Dis
103321 | Dis:7    | Identified the +4 staff of Dispater
103321 | Dis:7    | Noticed Dispater
103366 | Dis:7    | Killed Dispater
103458 | Dis:7    | Got an iron rune of Zot
103751 | Dis:7    | Got a sparkling copper amulet
103770 | Dis:7    | Identified the ring "Jilyas" {rF+ rN+ Int-5 Dex+5} (You
                  | found it on level 7 of Tartarus)
103771 | Dis:7    | Identified the amulet of Umaurch {Reflect Dex+3 SH+5} (You
                  | found it on level 7 of the Iron City of Dis)
103780 | Dis:7    | Got a brightly glowing buckler
103781 | Dis:7    | Identified the cursed +0 buckler "Ehoub" {MR+ Regen+ Int-3}
                  | (You found it on level 7 of the Iron City of Dis)
103886 | Dis:7    | Identified the cursed +0 long sword of the Hungering Fulmar
                  | {vorpal, +Blink MR+ Int+4} (You found it on level 7 of the
                  | Iron City of Dis)
104207 | Depths:4 | Voluntarily entered the Abyss.
104276 | Abyss:1  | Found a corrupted altar of Lugonu.
104325 | Abyss:1  | Found a corrupted altar of Lugonu.
104708 | Abyss:1  | Reached skill level 15 in Air Magic
104770 | Abyss:1  | Noticed an ancient lich
104772 | Abyss:1  | Killed an ancient lich
104772 | Abyss:1  | Reached skill level 15 in Hexes
104811 | Abyss:1  | Acquired the +1 cloak of the King of the Hill {MR+ Str+4}
104947 | Abyss:1  | Found a corrupted altar of Lugonu.
105116 | Abyss:2  | Found a corrupted altar of Lugonu.
105470 | Abyss:3  | Paralysed by accursed screaming for 1 turns
105477 | Abyss:3  | Paralysed by accursed screaming for 1 turns
105516 | Abyss:3  | Gained mutation: Potions are less effective at restoring
                  | your health. [a neqoxec]
105726 | Abyss:3  | Found a corrupted altar of Lugonu.
106220 | Abyss:3  | Got a vibrating iron ring
107847 | Abyss:4  | Found a shimmering altar of Xom.
107869 | Abyss:5  | Entered Level 5 of the Abyss
107894 | Abyss:5  | Found a corrupted altar of Lugonu.
108086 | Abyss:5  | Paralysed by accursed screaming for 2 turns
108094 | Abyss:5  | Paralysed by accursed screaming for 2 turns
108096 | Depths:4 | Escaped the Abyss
108772 | Tomb:2   | Noticed a greater mummy
108772 | Tomb:2   | Noticed a greater mummy
108772 | Tomb:2   | Noticed a greater mummy
108772 | Tomb:2   | Noticed a greater mummy
108864 | Tomb:1   | Lost mutation: Your magical capacity is low. (-10% MP)
                  | [potion of mutation]
108864 | Tomb:1   | Lost mutation: Your spells are easier to cast, but less
                  | powerful. [potion of mutation]
108864 | Tomb:1   | Gained mutation: You are covered in fur. (AC +1) [potion of
                  | mutation]
108864 | Tomb:1   | Gained mutation: You are resistant to hostile enchantments.
                  | (MR+) [potion of mutation]
108865 | Tomb:1   | Lost mutation: You are resistant to hostile enchantments.
                  | (MR+) [potion of mutation]
108865 | Tomb:1   | Lost mutation: Your flesh is cold resistant. (rC+) [potion
                  | of mutation]
108865 | Tomb:1   | Gained mutation: Your muscles are very strong. (Str +4)
                  | [potion of mutation]
108866 | Tomb:1   | Lost mutation: You are very clumsy. (Dex -4) [potion of
                  | mutation]
108866 | Tomb:1   | Lost mutation: You are clumsy. (Dex -2) [potion of
                  | mutation]
108866 | Tomb:1   | Gained mutation: You expend magic power (3 MP) to
                  | strengthen your wands. [potion of mutation]
108867 | Tomb:1   | Lost mutation: Your spells are a little easier to cast, but
                  | a little less powerful. [potion of mutation]
108867 | Tomb:1   | Lost mutation: You can translocate small distances at will.
                  | [potion of mutation]
108867 | Tomb:1   | Lost mutation: Your muscles are very strong. (Str +4)
                  | [potion of mutation]
108867 | Tomb:1   | Lost mutation: You sometimes yell uncontrollably at your
                  | foes. [potion of mutation]
108867 | Tomb:1   | Gained mutation: You possess an exceptional clarity of
                  | mind. [potion of mutation]
108868 | Tomb:1   | Lost mutation: Your muscles are strong. (Str +2) [potion of
                  | mutation]
108868 | Tomb:1   | Lost mutation: You expend magic power (3 MP) to strengthen
                  | your wands. [potion of mutation]
108868 | Tomb:1   | Lost mutation: You occasionally shout uncontrollably at
                  | your foes. [potion of mutation]
108868 | Tomb:1   | Lost mutation: Potions are less effective at restoring your
                  | health. [potion of mutation]
108868 | Tomb:1   | Lost mutation: You are partially covered in slimy green
                  | scales. (AC +2) [potion of mutation]
108868 | Tomb:1   | Gained mutation: You are dopey. (Int -2) [potion of
                  | mutation]
108868 | Tomb:1   | Gained mutation: You evolve. [potion of mutation]
108870 | Tomb:1   | Lost mutation: You are covered in fur. (AC +1) [potion of
                  | mutation]
108870 | Tomb:1   | Lost mutation: You possess an exceptional clarity of mind.
                  | [potion of mutation]
108870 | Tomb:1   | Gained mutation: Your muscles are strong. (Str +2) [potion
                  | of mutation]
108871 | Tomb:1   | Lost mutation: Your muscles are strong. (Str +2) [potion of
                  | mutation]
108871 | Tomb:1   | Lost mutation: You are dopey. (Int -2) [potion of mutation]
108871 | Tomb:1   | Lost mutation: You are mostly covered in yellow scales. (AC
                  | +3) [potion of mutation]
108871 | Tomb:1   | Gained mutation: Your muscles are strong. (Str +2) [potion
                  | of mutation]
108871 | Tomb:1   | Gained mutation: Your magical capacity is low. (-10% MP)
                  | [potion of mutation]
108871 | Tomb:1   | Gained mutation: You are agile. (Dex +2) [potion of
                  | mutation]
108871 | Tomb:1   | Gained mutation: You are resistant to hostile enchantments.
                  | (MR+) [potion of mutation]
108872 | Tomb:1   | Lost mutation: You evolve. [potion of mutation]
108872 | Tomb:1   | Lost mutation: Your magical capacity is low. (-10% MP)
                  | [potion of mutation]
108872 | Tomb:1   | Lost mutation: Your muscles are strong. (Str +2) [potion of
                  | mutation]
108872 | Tomb:1   | Lost mutation: Your skin changes colour to match your
                  | surroundings (Stealth+). [potion of mutation]
108872 | Tomb:1   | Gained mutation: You are surrounded by a mild repulsion
                  | field. (EV +2) [potion of mutation]
108872 | Tomb:1   | Gained mutation: You are highly resistant to hostile
                  | enchantments. (MR++) [potion of mutation]
109394 | Pan      | Entered Pandemonium
109415 | Pan      | Noticed Xomn the pandemonium lord
109426 | Pan      | Killed Xomn the pandemonium lord
110219 | Pan      | Gained mutation: You tend to lose your temper in combat. [a
                  | cacodemon]
110404 | Pan      | Lost mutation: You are agile. (Dex +2) [potion of mutation]
110404 | Pan      | Lost mutation: You are surrounded by a mild repulsion
                  | field. (EV +2) [potion of mutation]
110404 | Pan      | Lost mutation: You tend to lose your temper in combat.
                  | [potion of mutation]
110404 | Pan      | Gained mutation: Your movements are slightly less
                  | encumbered by armour. (ER -2) [potion of mutation]
110404 | Pan      | Gained mutation: You are somewhat resistant to further
                  | mutation. [potion of mutation]
110410 | Pan      | Identified the ring "Utig" {*Corrode rPois rF+ EV+4 SInv}
                  | (You found it on level 3 of the Abyss)
110638 | Pan      | Noticed Ryuleblati the pandemonium lord
110644 | Pan      | Killed Ryuleblati the pandemonium lord
111115 | Pan      | Noticed Ihinoxy the pandemonium lord
111175 | Depths:3 | Escaped Pandemonium
111254 | Pan      | Entered Pandemonium
111541 | Pan      | Noticed Xefrirou the pandemonium lord
111570 | Pan      | Killed Xefrirou the pandemonium lord
112684 | Pan      | Noticed Qin Dogg the pandemonium lord
112697 | Pan      | Killed Qin Dogg the pandemonium lord
113055 | Pan      | Got a demonic rune of Zot
113253 | Pan      | Entered the realm of Cerebov.
113668 | Pan      | Identified the +6 sword of Cerebov {flame}
113668 | Pan      | Noticed Cerebov
113931 | Pan      | Killed Cerebov
114035 | Pan      | Got a shimmering pewter ring
114077 | Pan      | Identified the ring of Omuheff {Fire +Blink} (You found it
                  | in Pandemonium)
114167 | Pan      | Got a fiery rune of Zot
114816 | Pan      | Found an exit through the horrors of the Abyss.
114820 | Pan      | Found a runed translucent door.
115127 | Pan      | Noticed Minaelo the pandemonium lord
115132 | Pan      | Killed Minaelo the pandemonium lord
115315 | Pan      | Found an exit through the horrors of the Abyss.
115537 | Pan      | Found a runed translucent door.
115825 | Pan      | Noticed Xusmyd the pandemonium lord
115834 | Pan      | Killed Xusmyd the pandemonium lord
115906 | Pan      | Identified a +3 double sword of holy wrath (a +1 double
                  | sword of flaming blessed by the Shining One)
115906 | Pan      | Received a gift from the Shining One
116001 | Depths:3 | Escaped Pandemonium
116016 | Pan      | Entered the realm of Mnoleg.
116016 | Pan      | Entered Pandemonium
116442 | Pan      | Gained mutation: Scrolls take you a little longer to read.
                  | [a neqoxec]
116450 | Pan      | Noticed Mnoleg
116484 | Pan      | Paralysed by a floating eye for 4 turns
116494 | Pan      | Paralysed by a floating eye for 3 turns
116501 | Pan      | Killed Mnoleg
116530 | Pan      | Lost mutation: You are highly resistant to hostile
                  | enchantments. (MR++) [potion of mutation]
116530 | Pan      | Lost mutation: You are partially covered in yellow scales.
                  | (AC +2) [potion of mutation]
116530 | Pan      | Lost mutation: Scrolls take you a little longer to read.
                  | [potion of mutation]
116530 | Pan      | Gained mutation: Your spells are a little harder to cast,
                  | but a little more powerful. [potion of mutation]
116542 | Pan      | Found an exit through the horrors of the Abyss.
116676 | Pan      | Got a glowing rune of Zot
117035 | Pan      | Noticed Ryxkegi the pandemonium lord
117054 | Pan      | Cast into level 4 of the Abyss (Ryxkegi)
117426 | Pan      | Escaped the Abyss
117747 | Pan      | Found an exit through the horrors of the Abyss.
117818 | Pan      | Killed Ryxkegi the pandemonium lord
118914 | Pan      | Noticed Zogho the pandemonium lord
118918 | Pan      | Killed Zogho the pandemonium lord
119299 | Pan      | Found a huge runed translucent gate.
119300 | Pan      | Found a huge runed translucent gate.
119301 | Pan      | Found a huge runed translucent gate.
119301 | Pan      | Found a huge runed translucent gate.
119301 | Pan      | Found a huge runed translucent gate.
119301 | Pan      | Found a huge runed translucent gate.
119962 | Pan      | Found a huge runed translucent gate.
119976 | Pan      | Noticed Vemaxt the pandemonium lord
119998 | Pan      | Killed Vemaxt the pandemonium lord
120287 | Pan      | Noticed Gikyl Ytey the pandemonium lord
120316 | Pan      | Killed Gikyl Ytey the pandemonium lord
121533 | Pan      | Identified the +5 ring mail of the Evening Star {rF- MP+9
                  | Int+2 Slay+3} (You found it in Pandemonium)
122019 | Pan      | Noticed Roatyjaa the pandemonium lord
122033 | Pan      | Killed Roatyjaa the pandemonium lord
122315 | Pan      | Entered the realm of Gloorx Vloq.
123031 | Pan      | Noticed Gloorx Vloq
123746 | Pan      | Killed Gloorx Vloq
123929 | Pan      | Got a dark rune of Zot
124092 | Pan      | Acquired the brooch of Shielding {Spirit SH+8}
124093 | Pan      | Found the brooch of Shielding {Spirit SH+8}
124232 | Pan      | Found an exit through the horrors of the Abyss.
125018 | Pan      | Noticed Wowikluhoq the pandemonium lord
125025 | Pan      | Killed Wowikluhoq the pandemonium lord
125119 | Pan      | Got a faintly glowing cloak
125120 | Pan      | Identified the cursed +0 cloak "Vuac" {-Cast Regen+ SInv}
                  | (You found it in Pandemonium)
125554 | Pan      | Noticed Diniqala the pandemonium lord
125581 | Pan      | Killed Diniqala the pandemonium lord
125897 | Pan      | Noticed Ignacio
125909 | Pan      | Killed Ignacio
126144 | Pan      | Found an exit through the horrors of the Abyss.
126510 | Pan      | Gained mutation: You are dopey. (Int -2) [a neqoxec]
126793 | Pan      | Entered the realm of Lom Lobon.
127612 | Pan      | Noticed Lom Lobon
127799 | Pan      | Killed Lom Lobon
127833 | Pan      | Got a magical rune of Zot
128239 | Pan      | Noticed Jiuseh the pandemonium lord
128260 | Pan      | Killed Jiuseh the pandemonium lord
128411 | Pan      | Found an exit through the horrors of the Abyss.
128584 | Pan      | Identified the Incunabulum of the Mountains and Companions
129186 | Pan      | Took an exit into the Abyss.
129186 | Abyss:1  | Escaped into the Abyss
129243 | Depths:3 | Escaped the Abyss
130463 | Tar:7    | Identified the Compendium of the Glacier
130466 | Tar:7    | Got a bone rune of Zot
130660 | Tar:7    | Identified the +4 kite shield of the Sailor {rF+ rN+} (You
                  | found it on level 7 of Tartarus)
131281 | Tomb:2   | Killed a greater mummy
131446 | Tomb:2   | Killed a greater mummy
131476 | Tomb:2   | Killed a greater mummy
131545 | Tomb:1   | Lost mutation: Your movements are slightly less encumbered
                  | by armour. (ER -2) [mutagenic glow]
131613 | Tomb:1   | Gained mutation: You are frail. (-10% HP) [mutagenic glow]
131661 | Tomb:1   | Lost mutation: You are resistant to hostile enchantments.
                  | (MR+) [potion of mutation]
131661 | Tomb:1   | Lost mutation: You are frail. (-10% HP) [potion of
                  | mutation]
132007 | Tomb:2   | Killed a greater mummy
132573 | Tomb:1   | Noticed a greater mummy
132574 | Tomb:1   | Noticed a greater mummy
132597 | Tomb:1   | Killed a greater mummy
132602 | Tomb:1   | Killed a greater mummy
132649 | Tomb:1   | Noticed a greater mummy
132657 | Tomb:1   | Killed a greater mummy
132767 | Tomb:1   | Noticed a greater mummy
132779 | Tomb:1   | Noticed a greater mummy
132780 | Tomb:1   | Killed a greater mummy
132783 | Tomb:1   | Noticed a greater mummy
132785 | Tomb:1   | Noticed a greater mummy
132788 | Tomb:1   | Noticed a greater mummy
132790 | Tomb:1   | Killed a greater mummy
132794 | Tomb:1   | Killed a greater mummy
132799 | Tomb:1   | Killed a greater mummy
132801 | Tomb:1   | Noticed a greater mummy
132803 | Tomb:1   | Killed a greater mummy
132812 | Tomb:1   | Killed a greater mummy
132853 | Tomb:1   | Noticed a greater mummy
132862 | Tomb:1   | Killed a greater mummy
132926 | Tomb:1   | Noticed a greater mummy
132947 | Tomb:1   | Killed a greater mummy
133008 | Tomb:1   | Noticed a greater mummy
133026 | Tomb:1   | Killed a greater mummy
133144 | Tomb:1   | Noticed a greater mummy
133148 | Tomb:1   | Noticed a greater mummy
133156 | Tomb:1   | Noticed a greater mummy
133161 | Tomb:1   | Killed a greater mummy
133261 | Tomb:1   | Killed a greater mummy
133277 | Tomb:1   | Killed a greater mummy
133403 | Tomb:1   | Noticed a greater mummy
133419 | Tomb:1   | Killed a greater mummy
133421 | Tomb:1   | Noticed a greater mummy
133459 | Tomb:1   | Killed a greater mummy
133467 | Tomb:1   | Noticed a greater mummy
133476 | Tomb:1   | Killed a greater mummy
133504 | Tomb:1   | Noticed a greater mummy
133521 | Tomb:1   | Killed a greater mummy
133742 | Tomb:3   | Entered Level 3 of the Tomb of the Ancients
133747 | Tomb:3   | Noticed a greater mummy
133748 | Tomb:3   | Noticed a greater mummy
133751 | Tomb:3   | Noticed a greater mummy
133752 | Tomb:3   | Noticed a greater mummy
134377 | Zig:1    | Entered Level 1 of a ziggurat
134396 | Zig:2    | Entered Level 2 of a ziggurat
134440 | Zig:3    | Entered Level 3 of a ziggurat
134535 | Zig:4    | Entered Level 4 of a ziggurat
134536 | Zig:4    | Noticed an ancient lich
134553 | Zig:4    | Killed an ancient lich
134582 | Zig:5    | Entered Level 5 of a ziggurat
134584 | Zig:5    | Noticed an ancient lich
134598 | Zig:5    | Killed an ancient lich
134611 | Zig:5    | Got a flickering pewter ring
134734 | Zig:5    | Identified the ring of Fixation {MR+ EV+4 Str+5} (You found
                  | it on level 5 of a ziggurat)
134736 | Zig:5    | Identified the +11 morningstar "Hell-Harrower" {venom,
                  | Int+5} (You found it on level 5 of a ziggurat)
134739 | Zig:6    | Entered Level 6 of a ziggurat
134823 | Zig:7    | Entered Level 7 of a ziggurat
134908 | Zig:7    | Identified the cursed +1 leather armour "Essy" {Int-3
                  | Slay+3 Stlth+} (You found it on level 7 of a ziggurat)
134912 | Zig:8    | Entered Level 8 of a ziggurat
134915 | Zig:8    | Noticed a greater mummy
134915 | Zig:8    | Noticed a greater mummy
134929 | Zig:8    | Killed a greater mummy
134937 | Zig:8    | Killed a greater mummy
135056 | Zig:8    | Identified the +6 scale mail "Oczeicaf" {rPois rN+ rCorr
                  | Dex-3} (You found it on level 8 of a ziggurat)
135064 | Zig:9    | Entered Level 9 of a ziggurat
135298 | Zig:9    | Got a warped wooden ring
135312 | Zig:9    | Identified the ring of Light {*Tele *Slow +Inv rPois rC+}
                  | (You found it on level 9 of a ziggurat)
135318 | Zig:10   | Entered Level 10 of a ziggurat
135324 | Zig:10   | Noticed an ancient lich
135325 | Zig:10   | Noticed an ancient lich
135338 | Zig:10   | Killed an ancient lich
135343 | Zig:10   | Killed an ancient lich
135386 | Zig:10   | Identified the Catalogue of Curses
135422 | Zig:11   | Entered Level 11 of a ziggurat
135588 | Zig:12   | Entered Level 12 of a ziggurat
135779 | Zig:13   | Entered Level 13 of a ziggurat
135996 | Zig:14   | Entered Level 14 of a ziggurat
136411 | Zig:14   | Got an ancient lapis lazuli ring
136416 | Zig:14   | Identified the ring "Coavar" {rN++ MP+9 Int-5 Slay+4} (You
                  | found it on level 14 of a ziggurat)
136417 | Zig:14   | Acquired the ring of Camoixt {rC+ rN++ rCorr Int+2 Dex-3}
136419 | Zig:14   | Got an ancient bone ring
136422 | Zig:14   | Identified the ring "Juarcheasch" {rC+ MR+ EV+4} (You found
                  | it on level 14 of a ziggurat)
136461 | Zig:14   | Identified Sif Muna's Handbook of Cold and Moulding
136471 | Zig:14   | Identified the +1 helmet of Creativity {+Fly rC++} (You
                  | found it on level 14 of a ziggurat)
136480 | Zig:14   | Lost mutation: Your spells are a little harder to cast, but
                  | a little more powerful. [potion of mutation]
136480 | Zig:14   | Lost mutation: You are dopey. (Int -2) [potion of mutation]
136480 | Zig:14   | Gained mutation: Your flesh is cold resistant. (rC+)
                  | [potion of mutation]
136509 | Zig:15   | Entered Level 15 of a ziggurat
136527 | Zig:15   | Found the +3 salamander hide armour {+Rage rF++}
136529 | Zig:15   | Noticed Xephek the pandemonium lord
136530 | Zig:15   | Noticed Kessoutt the pandemonium lord
136540 | Zig:15   | Noticed Centutweiqi the pandemonium lord
136541 | Zig:15   | Noticed Fonagate the pandemonium lord
136549 | Zig:15   | Noticed Kipsurch the pandemonium lord
136552 | Zig:16   | Entered Level 16 of a ziggurat
136689 | Zig:16   | Noticed a greater mummy
136689 | Zig:16   | Noticed a greater mummy
136733 | Zig:16   | Killed a greater mummy
136734 | Zig:16   | Noticed a greater mummy
136747 | Zig:16   | Killed a greater mummy
136762 | Zig:16   | Killed a greater mummy
136762 | Zig:16   | Reached skill level 27 in Armour
136772 | Zig:16   | Noticed a greater mummy
136783 | Zig:16   | Noticed a greater mummy
136787 | Zig:16   | Noticed a greater mummy
136791 | Zig:16   | Noticed a greater mummy
136803 | Zig:16   | Noticed a greater mummy
137807 | Tomb:3   | Noticed a greater mummy
137820 | Tomb:3   | Noticed an ancient lich
137828 | Tomb:3   | Killed a greater mummy
137831 | Tomb:3   | Killed a greater mummy
137837 | Tomb:3   | Paralysed by a Zot trap for 4 turns
137839 | Tomb:3   | Noticed a greater mummy
137845 | Tomb:3   | Killed an ancient lich
137852 | Tomb:3   | Noticed a greater mummy
137854 | Tomb:3   | Killed a greater mummy
137854 | Tomb:3   | Noticed a greater mummy
137861 | Tomb:3   | HP: 10/271 [ushabti] (12)]
137861 | Tomb:3   | Killed from afar by a mummy priest

Illustrated notes

Levels and vault maps discovered:
D:1:      dpeg_arrival_shelter, layout_rooms
D:2:      layout_loops_corners, minitemple
D:3:      minmay_spotlight, layout_loops_ring
D:4:      layout_cave_pools, riverfiend_overflow_shadow_ancestor, first_ration,
          uniq_crazy_yiuf_cottage, uniq_edmund, uniq_pikel
D:5:      layout_rooms
D:6:      layout_cave_pods, uniq_eustachio
D:7:      layout_basic, temple_hall, uniq_harold
D:8:      layout_rooms, blue_anna_alchemist [blue_anna_fruit_fields,
          blue_anna_fruit_fields], nrook_mini_backslash, uniq_erica
D:9:      layout_stronghold, dpeg_oklobed_lair
D:10:     layout_rooms, zombieorc1_lemuel, serial_shops, shop, fedhas_altar_3
D:11:     layout_long_grid, serial_shops, shop_fountains, shop_statue, shop,
          shop_coins
D:12:     layout_rooms, kennysheep_just_a_vault
D:13:     layout_roguey, skrybe_vaults_entry_preservation,
          minmay_guarded_unrand_prune
D:14:     layout_cave_pools, hangedman_glass_teeth, serial_shops, shop,
          minmay_librarian
D:15:     grunt_enter_depths_hoard, layout_basic, gauntlet_entry_generic,
          special_room [special_room_mythical_zoo], einodemon_barbed_minivault
Temple:   eino_temple_water
Lair:1:   layout_misc_corridors, maelrawn_ghost_gauntlet_escape,
          patterned_corridor
Lair:2:   layout_loops_ring, portal_ice_cave_entry_pillars_1,
          cheibrodos_lair_lostbears, uniq_maggie, uniq_sonja
Lair:3:   layout_big_grid, minmay_snake_entry_guardpost_small,
          zaba_antful_of_joy
Lair:4:   layout_regular_city, minmay_shoals_entry_lonely_mermaid
Lair:5:   layout_roguey, slime_altar_1, minmay_lair_oklob_chamber,
          grunt_megastairs_1, uniq_snorg
Lair:6:   minmay_lair_end_frog_pond, layout_small_grid, lemuel_oklob_altar
Shoals:1: layout_shoals, serial_shops, shop, uniq_kirke, uniq_frances
Shoals:2: layout_shoals, nicolae_alphabet_shops, ldierk_geyser, uniq_ilsuiw,
          uniq_polyphemus
Shoals:3: layout_shoals, yaktaur_hedge
Shoals:4: shoals_end_grunt_ice, layout_shoals, serial_shops, shop, uniq_donald
Snake:1:  layout_gridlike, serial_shops, nicolae_shop_overgrown_old_shop,
          nicolae_shop_stone, nicolae_shop_crystal,
          nicolae_shop_overgrown_old_shop, shop, lemuel_fruit_tree,
          grunt_megastairs_2
Snake:2:  layout_onion_interference, minmay_shop_star, uniq_aizul
Snake:3:  layout_cave_town, serial_shops, shop_statue, uniq_roxanne
Snake:4:  johnstein_snake_rune_scales, layout_cave_town, serial_shops,
          shop_fountains, drop_trap, uniq_agnes
Slime:1:  layout_caves
Slime:2:  layout_caves, nicolae_slime_round_cave
Slime:3:  layout_caves, nicolae_slime_ancient_tower_intersection
Slime:4:  layout_caves
Slime:5
Orc:1:    layout_diamond_mine
Orc:2:    grunt_orc_community_town_hall, layout_diamond_mine,
          grunt_orc_community_big_house_2, grunt_orc_community_big_house_2,
          grunt_orc_community_house_3, grunt_orc_community_house_3,
          grunt_orc_community_house_2, grunt_orc_community_house_2,
          nicolae_orc_rich_vein
Elf:1:    layout_onion_city, minivault_28
Elf:2:    layout_rooms, uniq_saint_roka
Elf:3:    minmay_elf_hall_curves, layout_onion_city, serial_shops, shop,
          serial_sigils, serial_sigils_hangedman_clutch,
          serial_sigils_hangedman_gnaw, serial_sigils_hangedman_writhe,
          serial_sigils_hangedman_scratch, serial_sigils_hangedman_shear
Vaults:1: nicolae_vaults_network_barrier, v_misc_22,
          nicolae_vaults_specimen_jars, nicolae_vaults_alarming, v_misc_11,
          v_misc_11, hangedman_vaults_slice, ontoclasm_vaults_spin,
          nicolae_vaults_little_squares_6, st_smaller_cells,
          layout_vaults_omnicross, serial_shops, shop
Vaults:2: minmay_crypt_entry_necro_gods, nicolae_vaults_network_quinsquares
          [nicolae_vaults_network_quincunx_subvault,
          nicolae_vaults_network_quincunx_subvault,
          nicolae_vaults_network_quincunx_subvault,
          nicolae_vaults_network_quincunx_subvault],
          vaults_standard_mumra_enter_the_diamond, ontoclasm_vaults_eye,
          vaults_room_door_hall, v_misc_30, v_misc_13, v_misc_4,
          layout_vaults_ring, serial_shops, nicolae_shop_trees
Vaults:3: vaults_room_octagon, nicolae_vaults_octagons, grunt_vaults_diagonal,
          vaults_dpeg_encased_lava, nicolae_vaults_shelves_hall,
          nicolae_vaults_mini_display_case, vaults_mumra_chevron,
          nicolae_vaults_rhombus_7, grunt_vaults_bifocal,
          layout_vaults_omnigrid, serial_shops, bzr_entry_water
Vaults:4: ebering_vaults_ghost_reflecting_pool, vaults_room_semicircle,
          nicolae_vaults_hallways_thing, v_misc_13, vaults_mumra_hex, v_misc_17,
          v_misc_4, grunt_vaults_hallway_short, vaults_room_semicircle,
          nicolae_vaults_border_crossing, ontoclasm_vaults_chip, v_misc_1,
          nicolae_vaults_network_periphery, nicolae_vaults_c_with_doors,
          vaults_room_semicircle, layout_vaults_omnibox,
          lightli_enter_wizlab_magi_temple
Vaults:5: serial_shops
Crypt:1:  layout_misc_corridors, nicolae_crypt_little_mausoleum
Crypt:2:  layout_catacombs, fountainhead
Crypt:3:  grunt_crypt_end_deaths_head, uniq_xtahua, uniq_jory, uniq_mennas
Tomb:1
Tomb:2
Tomb:3
Depths:1: layout_gridlike, minmay_misc_feat_encased, abyss_entry,
          grunt_hell_entry_dis_grunt, hangedman_stitches_earthworm
Depths:2: minmay_the_grid_triangle_9x9_rhombus_full_mashed
          [minmay_the_grid_triangle_9x9_odd_lines,
          minmay_the_grid_triangle_9x9_sparse_checkered,
          minmay_the_grid_triangle_9x9_descending_squares,
          minmay_the_grid_triangle_9x9_intruding_spiral,
          minmay_the_grid_triangle_9x9_checkered,
          minmay_the_grid_triangle_9x9_thin_v,
          minmay_the_grid_triangle_9x9_warning,
          minmay_the_grid_triangle_9x9_prize_special], layout_cave_pools,
          hell_entry
Depths:3: cheibrodos_witchhunters_guild, layout_gridlike, ziggurat_fallback,
          chequers_serial_rivers_small_a, pan_entry, hell_entry,
          nrook_loot_triangle, grunt_absolute_annihilation,
          infiniplex_staircase_river, serial_bayou_shore_a, uniq_asterion
Depths:4: hangedman_pleasuredromes, abyss_entry, serial_shops, hell_entry,
          uniq_sojobo
Depths:5: grunt_zot_entry_tricorne, layout_cave_pools,
          pf_vacation_house_of_asmodeus, hangedman_decor_lopped, special_room
          [special_room_magic_class], nicolae_abyss_entry_one_way_or_another,
          minmay_misc_feat_room, argonaut_fire_from_heaven
Hell
Dis:1:    kennysheep_iron_temple, layout_overlapping_boxes, hangedman_dis_chains
Dis:2:    layout_gridville
Dis:3:    layout_chaotic_city
Dis:4:    layout_gridville
Dis:5:    layout_regular_city
Dis:6:    layout_subdivisions, evilmike_ambush [evilmike_ambush_outer_corners,
          evilmike_ambush_inner_basic]
Dis:7:    iron_city_of_dis [dis_mu, dis_wall_8], layout_chaotic_city
Geh:1:    layout_gehenna_lava_caves, lemuel_hellion_isle
Geh:2:    layout_gehenna_lava_caves
Geh:3:    layout_gehenna_lava_caves
Geh:4:    layout_gehenna_lava_caves
Geh:5:    layout_gehenna_pools_box, nicolae_geh_single_fiery_grave
Geh:6:    layout_gehenna_pools_basic
Geh:7:    evilmike_geh
Coc:1:    layout_ice_bergs, special_room [special_room_morgue]
Coc:2:    layout_ice_bergs
Coc:3:    layout_ice_bergs
Coc:4:    layout_cocytus_water_paths
Coc:5:    layout_ice_bergs
Coc:6:    grunt_deathspiral_small, layout_cocytus_water_paths
Coc:7:    coc_hangedman
Tar:1:    layout_grid_maze
Tar:2:    layout_grid_maze
Tar:3:    layout_honeycomb
Tar:4:    layout_catacombs
Tar:5:    layout_catacombs
Tar:6:    layout_grid_maze, nicolae_tar_cuneiform_water
Tar:7:    tar_minmay_river
Zot:1:    layout_misc_corridors
Zot:2:    layout_cathedral_of_symmetry,
          chequers_guarded_unrand_mask_of_the_dragon, grunt_megastairs_3
Zot:3:    layout_gridlike
Zot:4:    layout_gridlike
Zot:5:    layout_basic, lemuel_lake_of_fire

Skill      XL: |  1  2  3  4  5  6  7  8  9 10 11 12 13 14 15 16 17 18 19 20 21 22 23 24 25 26 27 |
---------------+----------------------------------------------------------------------------------+-----
Polearms       | 3 4 6 8 |  8.4
Fighting       | 3 4 5 6 7 8 10 11 12 13 14 15 16 18 19 20 21 22 23 24 26 27 | 27.0
Armour         | 1 2 3 4 5 6 7 8 9 10 11 12 13 14 15 16 17 27 | 27.0
Long Blades    | 5 7 10 12 13 15 16 17 18 19 20 21 22 23 27 | 27.0
Shields        | 2 4 6 7 9 10 11 12 14 15 26 | 26.0
Air Magic      | 25 | 25.9
Hexes          | 25 | 25.8
Throwing       | |  2.1
Dodging        | |  2.1

Action                   |  1- 3 |  4- 6 |  7- 9 | 10-12 | 13-15 | 16-18 | 19-21 | 22-24 | 25-27 || total
-------------------------+-------+-------+-------+-------+-------+-------+-------+-------+-------++-------
Melee: Trident           |   111 |   136 |   187 |     3 |       |       |       |       |       ||   437
       Kick              |    20 |     9 |    60 |   141 |   367 |   549 |   766 |   887 |  6599 ||  9398
       Katana            |       |       |   125 |   474 |  1258 |  1389 |  1523 |  1629 |  2177 ||  8575
       Headbutt          |       |       |       |       |       |       |   229 |   356 |       ||   585
       Eudemon blade     |       |       |       |       |       |       |       |   296 |  8127 ||  8423
       Double sword      |       |       |       |       |       |       |       |       |  2912 ||  2912
Throw: Throwing net      |     3 |     4 |       |       |       |       |       |       |       ||     7
       Dart              |       |    18 |     1 |       |       |       |       |       |       ||    19
 Cast: Silence           |       |       |       |       |       |       |       |       |    73 ||    73
Invok: Call Merchant     |       |       |       |     1 |     2 |     2 |       |     2 |       ||     7
       Potion Petition   |       |       |       |       |       |       |     1 |       |       ||     1
       Bribe Branch      |       |       |       |       |       |       |       |       |     3 ||     3
       Brand Weapon With |       |       |       |       |       |       |       |       |     1 ||     1
Evoke: Wand              |       |       |       |       |    10 |       |     9 |       |       ||    19
  Use: Scroll            |     2 |     1 |       |    22 |     9 |    18 |     8 |    25 |   101 ||   186
       Potion            |       |     1 |     4 |     4 |     1 |     7 |     2 |     6 |    69 ||    94
 Stab: Distracted        |       |       |       |     2 |     7 |    10 |     7 |    15 |    39 ||    80
  Eat: Ration            |     1 |     1 |     3 |     5 |    12 |     8 |     6 |    11 |    48 ||    95
Armor: Leather armour    |    28 |     2 |       |       |       |       |       |       |       ||    30
       Skin              |       |    18 |       |       |       |       |       |       |       ||    18
       Chain mail        |       |    14 |   152 |   298 |   648 |    46 |       |       |       ||  1158
       Crystal plate arm |       |       |       |       |       |  1107 |   775 |   831 |  7579 || 10292
Dodge: Dodged            |    25 |    19 |    64 |    58 |   245 |   146 |   111 |   102 |  1398 ||  2168
Block: Buckler           |       |       |       |       |       |   107 |    10 |       |       ||   117
       Kite shield       |       |       |       |       |       |       |   618 |   776 |  5611 ||  7005
       Tower shield      |       |       |       |       |       |       |       |       |  5899 ||  5899
       Rpst.: Katana     |       |       |    15 |     9 |    58 |    26 |    33 |    14 |    37 ||   192
       Eudemon blade     |       |       |       |       |       |       |       |     6 |   149 ||   155
       Double sword      |       |       |       |       |       |       |       |       |    71 ||    71

Table legend:
 A = Non-vault XP
 B = Vault XP
 C = Vault XP percentage of total XP
 D = Non-vault monster count
 E = Vault monster count
 F = Vault count percentage of total count
                 A         B        C        D         E       F
            +---------+---------+-------+---------+---------+-------
      Total | 3024039 | 2170472 |  41.8 |    4755 |    2097 |  30.6
            +---------+---------+-------+---------+---------+-------
        D:1 |      30 |       0 |   0.0 |      16 |       0 |   0.0
        D:2 |      25 |       0 |   0.0 |       8 |       0 |   0.0
        D:3 |      49 |     163 |  76.9 |      22 |       3 |  12.0
        D:4 |     139 |     669 |  82.8 |       8 |       2 |  20.0
        D:5 |    1054 |       0 |   0.0 |      20 |       0 |   0.0
        D:6 |     824 |     197 |  19.3 |      23 |       1 |   4.2
        D:7 |     573 |     970 |  62.9 |      24 |       1 |   4.0
        D:8 |     544 |    1012 |  65.0 |      24 |       2 |   7.7
        D:9 |    3304 |       0 |   0.0 |      34 |       0 |   0.0
       D:10 |    2418 |     903 |  27.2 |      21 |      28 |  57.1
       D:11 |    3053 |       0 |   0.0 |      20 |       0 |   0.0
       D:12 |    2354 |    1097 |  31.8 |      15 |       1 |   6.2
       D:13 |   11018 |   10022 |  47.6 |      56 |      18 |  24.3
       D:14 |   10710 |     677 |   5.9 |      38 |       1 |   2.6
       D:15 |   13627 |    8572 |  38.6 |      32 |      26 |  44.8
     Lair:1 |    2969 |    2651 |  47.2 |      12 |       5 |  29.4
     Lair:2 |    7539 |    2418 |  24.3 |      17 |       6 |  26.1
     Lair:3 |    7128 |    3074 |  30.1 |      34 |      34 |  50.0
     Lair:4 |    6488 |    1445 |  18.2 |      16 |       6 |  27.3
     Lair:5 |   14039 |    1776 |  11.2 |      39 |       4 |   9.3
     Lair:6 |    4413 |   12917 |  74.5 |      11 |      52 |  82.5
   Shoals:1 |   12549 |    5099 |  28.9 |      24 |       7 |  22.6
   Shoals:2 |   11093 |    8558 |  43.5 |      21 |       9 |  30.0
   Shoals:3 |    7346 |     343 |   4.5 |      16 |       1 |   5.9
   Shoals:4 |   11064 |   19724 |  64.1 |      24 |      28 |  53.8
    Snake:1 |   17110 |    3517 |  17.1 |      36 |       8 |  18.2
    Snake:2 |   30440 |    1698 |   5.3 |      60 |       1 |   1.6
    Snake:3 |   19308 |    4018 |  17.2 |      35 |       3 |   7.9
    Snake:4 |   15805 |   36908 |  70.0 |      31 |      63 |  67.0
    Slime:1 |    9614 |       0 |   0.0 |      14 |       0 |   0.0
    Slime:2 |   21335 |    3221 |  13.1 |      45 |       4 |   8.2
    Slime:3 |   15722 |       0 |   0.0 |      29 |       0 |   0.0
    Slime:4 |   16235 |       0 |   0.0 |      38 |       0 |   0.0
    Slime:5 |   21537 |   29961 |  58.2 |      27 |      13 |  32.5
      Orc:1 |    2876 |       0 |   0.0 |      42 |       0 |   0.0
      Orc:2 |    4146 |    6847 |  62.3 |      32 |      68 |  68.0
      Elf:1 |   20428 |    3589 |  14.9 |      35 |      10 |  22.2
      Elf:2 |    8458 |   30249 |  78.1 |      13 |      45 |  77.6
      Elf:3 |   17286 |   44251 |  71.9 |      23 |      32 |  58.2
   Vaults:1 |   31251 |   20598 |  39.7 |      66 |      35 |  34.7
   Vaults:2 |   37993 |   13329 |  26.0 |      53 |      22 |  29.3
   Vaults:3 |   13436 |    9681 |  41.9 |      21 |       9 |  30.0
   Vaults:4 |   16502 |   72721 |  81.5 |      27 |      80 |  74.8
   Vaults:5 |   39996 |  105871 |  72.6 |      52 |      67 |  56.3
    Crypt:1 |   31891 |       0 |   0.0 |      42 |       0 |   0.0
    Crypt:2 |   31096 |       0 |   0.0 |      41 |       0 |   0.0
    Crypt:3 |       0 |   99345 | 100.0 |       0 |     128 | 100.0
     Tomb:1 |   12627 |  162218 |  92.8 |      33 |      59 |  64.1
     Tomb:2 |    8119 |   76384 |  90.4 |      22 |      85 |  79.4
     Tomb:3 |    1954 |   39972 |  95.3 |       8 |      35 |  81.4
   Depths:1 |   28297 |    8045 |  22.1 |      31 |      16 |  34.0
   Depths:2 |   47563 |   21738 |  31.4 |      67 |      18 |  21.2
   Depths:3 |   24383 |   65091 |  72.7 |      28 |      49 |  63.6
   Depths:4 |   19974 |  115869 |  85.3 |      15 |     102 |  87.2
   Depths:5 |   36381 |   43079 |  54.2 |      51 |      23 |  31.1
       Hell |   24149 |   47115 |  66.1 |      32 |      69 |  68.3
      Dis:1 |    8144 |       0 |   0.0 |      12 |       0 |   0.0
      Dis:2 |    1067 |       0 |   0.0 |       4 |       0 |   0.0
      Dis:3 |   18313 |       0 |   0.0 |      25 |       0 |   0.0
      Dis:4 |    9770 |       0 |   0.0 |      23 |       0 |   0.0
      Dis:5 |     792 |       0 |   0.0 |       1 |       0 |   0.0
      Dis:7 |   72643 |  120730 |  62.4 |      78 |      73 |  48.3
      Geh:1 |   13928 |    3383 |  19.5 |      37 |       1 |   2.6
      Geh:2 |   11478 |       0 |   0.0 |      31 |       0 |   0.0
      Geh:3 |   11855 |       0 |   0.0 |      21 |       0 |   0.0
      Geh:4 |   10337 |       0 |   0.0 |      23 |       0 |   0.0
      Geh:5 |   16627 |       0 |   0.0 |      28 |       0 |   0.0
      Geh:6 |   35782 |       0 |   0.0 |      78 |       0 |   0.0
      Geh:7 |   29379 |   88002 |  75.0 |      57 |      47 |  45.2
      Coc:1 |    3723 |       0 |   0.0 |       7 |       0 |   0.0
      Coc:2 |    5077 |       0 |   0.0 |      12 |       0 |   0.0
      Coc:3 |   16929 |       0 |   0.0 |      46 |       0 |   0.0
      Coc:4 |    6973 |       0 |   0.0 |      14 |       0 |   0.0
      Coc:5 |     293 |       0 |   0.0 |       1 |       0 |   0.0
      Coc:6 |   17384 |   23621 |  57.6 |      35 |      30 |  46.2
      Coc:7 |   29401 |   83114 |  73.9 |      44 |      78 |  63.9
      Tar:1 |   27706 |       0 |   0.0 |      41 |       0 |   0.0
      Tar:2 |  102687 |       0 |   0.0 |     150 |       0 |   0.0
      Tar:3 |   46080 |       0 |   0.0 |      46 |       0 |   0.0
      Tar:4 |    7711 |       0 |   0.0 |      11 |       0 |   0.0
      Tar:5 |   38951 |       0 |   0.0 |      70 |       0 |   0.0
      Tar:6 |   31430 |       0 |   0.0 |      58 |       0 |   0.0
      Tar:7 |   63274 |   98238 |  60.8 |      93 |      73 |  44.0
      Zot:1 |   21612 |       0 |   0.0 |      14 |       0 |   0.0
      Zot:2 |   41936 |   36727 |  46.7 |      28 |      23 |  45.1
      Zot:3 |   23690 |       0 |   0.0 |      20 |       0 |   0.0
      Zot:4 |   14135 |       0 |   0.0 |      11 |       0 |   0.0
      Zot:5 |   26744 |   63912 |  70.5 |      30 |      20 |  40.0
    Abyss:1 |  119709 |    7562 |   5.9 |     143 |       5 |   3.4
    Abyss:2 |    6393 |       0 |   0.0 |       9 |       0 |   0.0
    Abyss:3 |  130029 |   11246 |   8.0 |     245 |      15 |   5.8
    Abyss:4 |  256637 |   23869 |   8.5 |     455 |      22 |   4.6
    Abyss:5 |  146813 |   22208 |  13.1 |     225 |      15 |   6.2
        Pan |  598573 |  379943 |  38.8 |     723 |     273 |  27.4
      Zig:1 |    3667 |       0 |   0.0 |       1 |       0 |   0.0
      Zig:2 |    2693 |       0 |   0.0 |       3 |       0 |   0.0
      Zig:3 |    4027 |       0 |   0.0 |      10 |       0 |   0.0
      Zig:4 |   13431 |       0 |   0.0 |       3 |       0 |   0.0
      Zig:5 |   11121 |       0 |   0.0 |       4 |       0 |   0.0
      Zig:6 |    8019 |       0 |   0.0 |      11 |       0 |   0.0
      Zig:7 |   12482 |       0 |   0.0 |       9 |       0 |   0.0
      Zig:8 |   17203 |       0 |   0.0 |      18 |       0 |   0.0
      Zig:9 |   18710 |       0 |   0.0 |      12 |       0 |   0.0
     Zig:10 |   31774 |       0 |   0.0 |      11 |       0 |   0.0
     Zig:11 |   15293 |       0 |   0.0 |      25 |       0 |   0.0
     Zig:12 |   24353 |       0 |   0.0 |      16 |       0 |   0.0
     Zig:13 |   25574 |     903 |   3.4 |      14 |       2 |  12.5
     Zig:14 |   21130 |       0 |   0.0 |      24 |       0 |   0.0
     Zig:15 |    1407 |       0 |   0.0 |       1 |       0 |   0.0
     Zig:16 |   28888 |       0 |   0.0 |      20 |       0 |   0.0
      IceCv |       0 |   11973 | 100.0 |       0 |      45 | 100.0
     WizLab |       0 |   42200 | 100.0 |       0 |      86 | 100.0
   Gauntlet |       0 |    5239 | 100.0 |       0 |      10 | 100.0
            +---------+---------+-------+---------+---------+-------
